Workbook
Name \A: #REF!
Name \A: #REF!
Name \P: #REF!
Name \P: #REF!
Name ____W.O.R.K.B.O.O.K..C.O.N.T.E.N.T.S____: #REF!
Name ____W.O.R.K.B.O.O.K..C.O.N.T.E.N.T.S____: #REF!
Name _ACC0320: #REF!
Name _ACC0320: #REF!
Name _BAL0320: #REF!
Name _BAL0320: #REF!
Name _BAL0344: #REF!
Name _BAL0344: #REF!
Name _BAL0348: #REF!
Name _BAL0348: #REF!
Name _BAL0360: #REF!
Name _BAL0360: #REF!
Name _BAL0361: #REF!
Name _BAL0361: #REF!
Name _BAL0367: #REF!
Name _BAL0367: #REF!
Name _BAL0370: #REF!
Name _BAL0370: #REF!
Name _BAL0375: #REF!
Name _BAL0375: #REF!
Name _BAL0384: #REF!
Name _BAL0384: #REF!
Name _BAL0385: #REF!
Name _BAL0385: #REF!
Name _BAL0386: #REF!
Name _BAL0386: #REF!
Name _BAL0387: #REF!
Name _BAL0387: #REF!
Name _BAL0388: #REF!
Name _BAL0388: #REF!
Name _BAL0395: #REF!
Name _BAL0395: #REF!
Name _bal0397: #REF!
Name _bal0397: #REF!
Name _BAL0399: #REF!
Name _BAL0399: #REF!
Name _BAL0400: #REF!
Name _BAL0400: #REF!
Name _BAL0810: #REF!
Name _BAL0810: #REF!
Name _BAL0811: #REF!
Name _BAL0811: #REF!
Name _BAL0815: #REF!
Name _BAL0815: #REF!
Name _BAL6791: #REF!
Name _BAL6791: #REF!
Name _BLA0811: #REF!
Name _BLA0811: #REF!
Name _DAT1: #REF!
Name _DAT1: #REF!
Name _DAT10: #REF!
Name _DAT10: #REF!
Name _DAT11: #REF!
Name _DAT11: #REF!
Name _DAT12: #REF!
Name _DAT12: #REF!

Sheet Trial Balance
A1: ABC NGO
C3: B&S | F3: Encode TB | H3: For TOI return | L3: 4000
C4: Cash on hand and at bank | D4: 34105 | F4: A21 | H4: A0 | I4: Assets (A0=A1+ A13) | K4: =K5+K17 -> 92205 | L4: =K4*L3 -> 368820000
C5: Account receivable | D5: 8000 | F5: A18 | H5: A01 | I5: Non-current assets/fixed assets (A1=Sum(A2:A12)) | K5: =SUM(K6:K16) -> 45100
C6: Building | D6: 16500 | F6: A04 | H6: A02 | J6: Freehold Land | K6: =SUMIF($F$4:$F$43,H6,$D$4:$D$43) -> 0
C7: Acc.depre. Building | D7: -1600 | F7: A04 | H7: A03 | J7: Improvements and preparation of land | K7: =SUMIF($F$4:$F$43,H7,$D$4:$D$43) -> 0
C8: Software and license | D8: 6500 | F8: A12 | H8: A04 | J8: Freehold buildings | K8: =SUMIF($F$4:$F$43,H8,$D$4:$D$43) -> 14900
C9: Acc.depre. Software and license | D9: -1600 | F9: A12 | H9: A05 | J9: Freehold buildings on leasehold land | K9: =SUMIF($F$4:$F$43,H9,$D$4:$D$43) -> 0
C10: Office Equipment | D10: 8000 | F10: A07 | H10: A06 | J10: Non-current assets in progress | K10: =SUMIF($F$4:$F$43,H10,$D$4:$D$43) -> 0
C11: Acc. Depre. Off Equipment | D11: -2200 | F11: A07 | H11: A07 | J11: Plant and equipment | K11: =SUMIF($F$4:$F$43,H11,$D$4:$D$43) -> 5800
C12: Vehicles | D12: 15000 | F12: A12 | H12: A08 | J12: Goodwill | K12: =SUMIF($F$4:$F$43,H12,$D$4:$D$43) -> 0
C13: Acc.depre. Vehicles | D13: -3000 | F13: A12 | H13: A09 | J13: Preliminary and formation expenses | K13: =SUMIF($F$4:$F$43,H13,$D$4:$D$43) -> 0
C14: Computers | D14: 3500 | F14: A12 | H14: A10 | J14: Leasehold assets and lease premiums | K14: =SUMIF($F$4:$F$43,H14,$D$4:$D$43) -> 0
C15: Acc.depre. Computers | D15: -1000 | F15: A12 | H15: A11 | J15: Investment in other enterprise | K15: =SUMIF($F$4:$F$43,H15,$D$4:$D$43) -> 0
C16: Deposit on rental | D16: 5000 | F16: A12 | H16: A12 | J16: Other non-current assets | K16: =SUMIF($F$4:$F$43,H16,$D$4:$D$43) -> 24400
C17: Prepaid expense | D17: 5000 | F17: A20 | H17: A13 | I17: Current assets [A13=Sum(A14:A25)] | K17: =SUM(K18:K30) -> 47105
H18: A14 | J18: Stock of raw materials and supplies | K18: =SUMIF($F$4:$F$43,H18,$D$4:$D$43) -> 0
C19: Account payable | D19: -4500 | F19: A45 | H19: A15 | J19: Stocks of goods | K19: =SUMIF($F$4:$F$43,H19,$D$4:$D$43) -> 0
C20: Accrued salary | D20: -2500 | F20: A46 | H20: A16 | J20: Stocks of finished goods | K20: =SUMIF($F$4:$F$43,H20,$D$4:$D$43) -> 0
C21: Other accrual | D21: -1500 | F21: A46 | H21: A17 | J21: Products in progress | K21: =SUMIF($F$4:$F$43,H21,$D$4:$D$43) -> 0
C22: Monthly Tax Payable | D22: -850 | F22: A49 | H22: A18 | J22: Accounts receivable/trade debtors | K22: =SUMIF($F$4:$F$43,H22,$D$4:$D$43) -> 8000
C23: Capital | D23: -80000 | F23: A29 | H23: A19 | J23: Other account receivables | K23: =SUMIF($F$4:$F$43,H23,$D$4:$D$43) -> 0
C24: Retained Earning | D24: -9200 | F24: A34 | H24: A20 | J24: Prepaid expenses | K24: =SUMIF($F$4:$F$43,H24,$D$4:$D$43) -> 5000
C25: Result for the year | D25: =D45 -> 6345 | F25: A35 | H25: A21 | J25: Cash on hand and at banks | K25: =SUMIF($F$4:$F$43,H25,$D$4:$D$43) -> 34105
H26: A22 | J26: Prepayment of profit tax credit | K26: =SUMIF($F$4:$F$43,H26,$D$4:$D$43) -> 0
D27: =SUM(D3:D26) -> 0 | H27: A23 | J27: Value added tax credit | K27: =SUMIF($F$4:$F$43,H27,$D$4:$D$43) -> 0
C28: P&L | H28: A24 | J28: Other taxes credit | K28: =SUMIF($F$4:$F$43,H28,$D$4:$D$43) -> 0
C29: Donation | D29: -12000 | F29: B08 | H29: A25 | J29: Other current assets | K29: =SUMIF($F$4:$F$43,H29,$D$4:$D$43) -> 0
C30: Interest income | D30: -100 | F30: B10 | H30: A26 | J30: Differences arising from currency translation in assets | K30: =SUMIF($F$4:$F$43,H30,$D$4:$D$43) -> 0
C31: Other income | D31: -850 | F31: B18 | H31: A27 | I31: Equity and liabilities [A27=sum(A28+A36+A41)] | K31: =K32+K40+K45 -> -92205
C32: Salaries expenses | D32: 6000 | F32: B20 | H32: A28 | I32: Equity [A28=sum(A29:A35)] | K32: =SUM(K33:K39) -> -82855
C33: Utilities expenses | D33: 500 | F33: B21 | H33: A29 | J33: Capital/Share capital | K33: =SUMIF($F$4:$F$43,H33,$D$4:$D$43) -> -80000
C34: Travelling expenses | D34: 300 | F34: B22 | H34: A30 | J34: Share premium | K34: =SUMIF($F$4:$F$43,H34,$D$4:$D$43) -> 0
C35: Rental expense | D35: 3000 | F35: B24 | H35: A31 | J35: Legal capital reserves | K35: =SUMIF($F$4:$F$43,H35,$D$4:$D$43) -> 0
C36: Repair and maintenance | D36: 700 | F36: B25 | H36: A32 | J36: Reserves revaluation surplus of assets | K36: =SUMIF($F$4:$F$43,H36,$D$4:$D$43) -> 0
C37: Management Services expense | D37: 1000 | F37: B30 | H37: A33 | J37: Other capital reserves | K37: =SUMIF($F$4:$F$43,H37,$D$4:$D$43) -> 0
C38: Depreciation expense | D38: 2800 | F38: B33 | H38: A34 | J38: Profit and loss brought forward (+ or - ) | K38: =SUMIF($F$4:$F$43,H38,$D$4:$D$43) -> -9200
C39: Realized exchange loss | D39: 845 | F39: B36 | H39: A35 | J39: Profit and loss for the period ( + or - ) | K39: =SUMIF($F$4:$F$43,H39,$D$4:$D$43) -> 6345
C40: Office expense | D40: 2050 | F40: B38 | H40: A36 | I40: Non-current liabilities [A36=sum(A37:A40)] | K40: =SUM(K41:K44) -> 0
C41: Insurance expense | D41: 1000 | F41: B38 | H41: A37 | J41: Loan from related parties | K41: =SUMIF($F$4:$F$43,H41,$D$4:$D$43) -> 0
C42: Bank charge | D42: 500 | F42: B38 | H42: A38 | J42: Loan from banks and other external parties | K42: =SUMIF($F$4:$F$43,H42,$D$4:$D$43) -> 0
C43: Phones expenses | D43: 600 | F43: B38 | H43: A39 | J43: Provision for charges and contigencies | K43: =SUMIF($F$4:$F$43,H43,$D$4:$D$43) -> 0
H44: A40 | J44: Other non-current liabilities | K44: =SUMIF($F$4:$F$43,H44,$D$4:$D$43) -> 0
D45: =SUM(D28:D44) -> 6345 | H45: A41 | I45: Current liabilities [A41=sum(A42:A50)] | K45: =SUM(K46:K54) -> -9350
H46: A42 | J46: Bank overdraft | K46: =SUMIF($F$4:$F$43,H46,$D$4:$D$43) -> 0
H47: A43 | J47: Short-term borrowing-current portion of interest bearing borrowing | K47: =SUMIF($F$4:$F$43,H47,$D$4:$D$43) -> 0
H48: A44 | J48: Accounts payable to related parties | K48: =SUMIF($F$4:$F$43,H48,$D$4:$D$43) -> 0
H49: A45 | J49: Other accounts payable, | K49: =SUMIF($F$4:$F$43,H49,$D$4:$D$43) -> -4500
H50: A46 | J50: Unearned revenue, accruals and other current liabilities | K50: =SUMIF($F$4:$F$43,H50,$D$4:$D$43) -> -4000
H51: A47 | J51: Provision for charges and contigencies | K51: =SUMIF($F$4:$F$43,H51,$D$4:$D$43) -> 0
H52: A48 | J52: Profit tax payable | K52: =SUMIF($F$4:$F$43,H52,$D$4:$D$43) -> 0
H53: A49 | J53: Other taxes payable | K53: =SUMIF($F$4:$F$43,H53,$D$4:$D$43) -> -850
H54: A50 | J54: Differences arising from currency translation in liabilities | K54: =SUMIF($F$4:$F$43,H54,$D$4:$D$43) -> 0
H55: B0 | I55: Operating revenue [B0=Sum(B1:B3)] | K55: =SUM(K56:K58) -> 0
H56: B01 | J56: Sales of manufactured products | K56: =SUMIF($F$4:$F$43,H56,$D$4:$D$43) -> 0
H57: B02 | J57: Sales of goods | K57: =SUMIF($F$4:$F$43,H57,$D$4:$D$43) -> 0
H58: B03 | J58: Sales/Supply of services | K58: =SUMIF($F$4:$F$43,H58,$D$4:$D$43) -> 0
H59: B04 | J59: Cost of products sold of production enterprises (TOP 01/V) | K59: =SUMIF($F$4:$F$43,H59,$D$4:$D$43) -> 0
H60: B05 | J60: Cost of goods sold of non- production enterprises (TOP 01/ VI) | K60: =SUMIF($F$4:$F$43,H60,$D$4:$D$43) -> 0
H61: B05a | J61: Costs of services supplied | K61: =SUMIF($F$4:$F$43,H61,$D$4:$D$43) -> 0
H62: B06 | I62: Gross profit (B6=B0-B4-B5-B5a) | K62: =K55-K59-K60-K61 -> 0
H63: B07 | I63: Other revenue [B7=Sum(B8:B18)] | K63: =SUM(K64:K74) -> -12950
H64: B08 | J64: Grant/subsidy | K64: =SUMIF($F$4:$F$43,H64,$D$4:$D$43) -> -12000
H65: B09 | J65: Dividend received or receivable | K65: =SUMIF($F$4:$F$43,H65,$D$4:$D$43) -> 0
H66: B10 | J66: Interest received or receivable | K66: =SUMIF($F$4:$F$43,H66,$D$4:$D$43) -> -100
H67: B11 | J67: Royalty received or receivable | K67: =SUMIF($F$4:$F$43,H67,$D$4:$D$43) -> 0
H68: B12 | J68: Rental received or receivable | K68: =SUMIF($F$4:$F$43,H68,$D$4:$D$43) -> 0
H69: B13 | J69: Gain from disposal of fixed assets (captital gain) | K69: =SUMIF($F$4:$F$43,H69,$D$4:$D$43) -> 0
H70: B14 | J70: Gain from disposal of securities | K70: =SUMIF($F$4:$F$43,H70,$D$4:$D$43) -> 0
H71: B15 | J71: Share of profit from joint venture | K71: =SUMIF($F$4:$F$43,H71,$D$4:$D$43) -> 0
H72: B16 | J72: Realised exchange gain | K72: =SUMIF($F$4:$F$43,H72,$D$4:$D$43) -> 0
H73: B17 | J73: Unrealised exchange gain | K73: =SUMIF($F$4:$F$43,H73,$D$4:$D$43) -> 0
H74: B18 | J74: Other revenues | K74: =SUMIF($F$4:$F$43,H74,$D$4:$D$43) -> -850
H75: B19 | I75: Operating expenses [B19=Sum(B20:B38)] | K75: =SUM(K76:K94) -> 19295
H76: B20 | J76: Salaries expenses | K76: =SUMIF($F$4:$F$43,H76,$D$4:$D$43) -> 6000
H77: B21 | J77: Fuel, electricity and water expenses | K77: =SUMIF($F$4:$F$43,H77,$D$4:$D$43) -> 500
H78: B22 | J78: Travelling and accommodation expenses | K78: =SUMIF($F$4:$F$43,H78,$D$4:$D$43) -> 300
H79: B23 | J79: Transportation expenses | K79: =SUMIF($F$4:$F$43,H79,$D$4:$D$43) -> 0
H80: B24 | J80: Rental expenses | K80: =SUMIF($F$4:$F$43,H80,$D$4:$D$43) -> 3000
H81: B25 | J81: Repair and maintenance expenses | K81: =SUMIF($F$4:$F$43,H81,$D$4:$D$43) -> 700
H82: B26 | J82: Entertainment expenses | K82: =SUMIF($F$4:$F$43,H82,$D$4:$D$43) -> 0
H83: B27 | J83: Commission, advertising, and selling expenses | K83: =SUMIF($F$4:$F$43,H83,$D$4:$D$43) -> 0
H84: B28 | J84: Other taxes expenses | K84: =SUMIF($F$4:$F$43,H84,$D$4:$D$43) -> 0
H85: B29 | J85: Donation expenses | K85: =SUMIF($F$4:$F$43,H85,$D$4:$D$43) -> 0
H86: B30 | J86: Management, consultant, other technical, and other similar services expenses | K86: =SUMIF($F$4:$F$43,H86,$D$4:$D$43) -> 1000
H87: B31 | J87: Royalty expenses | K87: =SUMIF($F$4:$F$43,H87,$D$4:$D$43) -> 0
... H94: B38 | J94: Other expenses | K94: =SUMIF($F$4:$F$43,H94,$D$4:$D$43) -> 4150
H95: B39 | I95: Profit/(loss) from operations (B39=B6+B7-B19) | K95: =K62+K63-K75 -> -32245
H96: B40 | J96: Interest expenses paid to residents | K96: =SUMIF($F$4:$F$43,H96,$D$4:$D$43) -> 0
H97: B41 | J97: Interest expenses paid to non- residents | K97: =SUMIF($F$4:$F$43,H97,$D$4:$D$43) -> 0
H98: B42 | I98: Profit before tax [B42=(B39-B40-B41)] | K98: =K95-K96-K97 -> -32245
H99: B43 | J99: Profit tax | K99: =SUMIF($F$4:$F$43,H99,$D$4:$D$43) -> 0
H100: B44 | I100: Net profit after tax ( B44=B42-B43) | K100: =K98-K99 -> -32245

Sheet MRO P&L 2022
I1: Jan - Dec 23
D2: Income
E3: 3000 · Income
A4: B08 | F4: 3001 Eriks | I4: =287182 -> 287182
A5: B08 | F5: 3002 Felm | I5: =32979.36 -> 32979.36
A6: B08 | F6: 3003 Cambodia Action | I6: =940.29 -> 940.29
A7: B08 | F7: 3004 Tearfund | I7: =53953.79 -> 53953.79
A8: B08 | F8: 3006 GHR | I8: =100000 -> 100000
A9: B08 | F9: 3012 Other Income | I9: =807.54 -> 807.54
A10: B08 | F10: 3015 Global Giving | I10: =1379.77 -> 1379.77
E11: Total 3000 · Income | I11: =ROUND(SUM(I3:I10),5) -> 477242.75
D12: Total Income | I12: =ROUND(I2+I11,5) -> 477242.75
C13: Gross Profit | I13: =I12 -> 477242.75
D14: Expense
E15: 4000 · Expense
F16: 4100 · Client Cost
A17: B22 | G17: 4101 · Accomodation | I17: =6474.98 -> 6474.98
A18: B23 | G18: 4102 · Transport | I18: =9393.58 -> 9393.58
A19: B22 | G19: 4103 · Food | I19: =62538.73 -> 62538.73
A20: B38 | G20: 4104 · Materials | I20: =14812.31 -> 14812.31
A21: B38 | G21: 4105 · Care Packages | I21: =846.89 -> 846.89
A22: B38 | G22: 4106 · Counselling Cost | I22: =25 -> 25
A23: B38 | G23: 4107 · Clothing | I23: =45.75 -> 45.75
A24: B38 | G24: 4108 · School Fees & Supplies | I24: =3004.24 -> 3004.24
A25: B38 | G25: 4109 Welcome Packs | I25: =216.57 -> 216.57
A26: B38 | G26: 4110 · Vocational Training | I26: =85 -> 85
A27: B38 | G27: 4111 · Working Experience Wages | I27: =894.61 -> 894.61
A28: B38 | G28: 4112 · Phone Cards | I28: =1029.34 -> 1029.34
A29: B38 | G29: 4113 · Medical Cost | I29: =322.32 -> 322.32
A30: B38 | G30: 4114 · Other Cost | I30: =14121.55 -> 14121.55
F31: Total 4100 · Client Cost | I31: =ROUND(SUM(I16:I30),5) -> 113810.87
F32: 4200 · Reintegration Cost
A33: B23 | G33: 4201 · Transport | I33: =2.93 -> 2.93
A34: B38 | G34: 4202 · Photocopy | I34: =47 -> 47
A35: B38 | G35: 4204 Family Support | I35: =1576.13 -> 1576.13
F36: Total 4200 · Reintegration Cost | I36: =ROUND(SUM(I32:I35),5) -> 1626.06
F37: 4300 · Foster Care Family Cost
A38: B38 | G38: 4301 · Materials | I38: =2322.24 -> 2322.24
A39: B38 | G39: 4302 · Emergency Food | I39: =628.66 -> 628.66
A40: B38 | G40: 4303 Welcome Pack | I40: =24.71 -> 24.71
A41: B23 | G41: 4305 Retainer Fees | I41: =1010 -> 1010
A42: B38 | G42: 4306 Transport | I42: =541.15 -> 541.15
A43: B38 | G43: 4307 Food | I43: =8127.29 -> 8127.29
A44: B38 | G44: 4308 · Medical Cost | I44: =420.74 -> 420.74
F45: Total 4300 · Foster Care Family Cost | I45: =ROUND(SUM(I37:I44),5) -> 13074.79
F46: 4400 · Government Cost
A47: B22 | G47: 4401 · Accomodation | I47: =9405 -> 9405
A48: B23 | G48: 4402 · Transport | I48: =6414.73 -> 6414.73
A49: B38 | G49: 4403 · Field Material | I49: =1951.52 -> 1951.52
A50: B38 | G50: 4404 · Food Allowance | I50: =27077.17 -> 27077.17
A51: B38 | G51: 4405 · Invitation Fees | I51: =1573.43 -> 1573.43
A52: B38 | G52: 4406 · Other | I52: =3891.85 -> 3891.85
F53: Total 4400 · Government Cost | I53: =ROUND(SUM(I46:I52),5) -> 50313.7
F54: 4500 · Staff Travel Cost
A55: B21 | G55: 4501 · Motor Fuel | I55: =279.91+720 -> 999.91
A56: B25 | G56: 4502 · Motor Repair | I56: =59.32 -> 59.32
A57: B21 | G57: 4503 · Car Fuel | I57: =9180.41 -> 9180.41
A58: B25 | G58: 4504 · Car Repair | I58: =3449.9 -> 3449.9
A59: B22 | G59: 4505 · Per Diem | I59: =18646.04 -> 18646.04
A60: B38 | G60: 4506 · Vehicle Insurance | I60: =405.58 -> 405.58
A61: B22 | G61: 4507 · Parking & Road Fees | I61: =15.7 -> 15.7
A62: B22 | G62: 4508 · Bus & Taxi Fees | I62: =2594.32 -> 2594.32
A63: B22 | G63: 4509 · Vehicle Rental | I63: =2376.71 -> 2376.71
F64: Total 4500 · Staff Travel Cost | I64: =SUM(I55:I63) -> 37727.89
F65: 4600 · Personnel
A66: B20 | G66: 4601 · Salaries | I66: =199053.64 -> 199053.64
A67: B38 | G67: 4602 Provident Fund | I67: =64.16 -> 64.16
A68: B38 | G68: 4603 Gratuity Fund | I68: =55.44 -> 55.44
A69: B38 | G69: 4604 Insurance & NSSF | I69: =6138.5 -> 6138.5
A70: B30 | G70: 605 Staff Development | I70: =2435.61 -> 2435.61
A71: B38 | G71: 4606 Staff Refreshment | I71: =250.46 -> 250.46
A72: B30 | G72: 4608 Recruitment | I72: =338.8 -> 338.8
A73: B38 | G73: 612 Other | I73: =385.17 -> 385.17
F74: Total 4600 · Personnel | I74: =ROUND(SUM(I65:I73),5) -> 208721.78
F75: 4700 · Office & Kitchen Supplies
A76: B38 | G76: 4701 · Stationery | I76: =1634.41+130.19 -> 1764.6
A77: B38 | G77: 4702 · Photocopying | I77: =42.85 -> 42.85
A78: B38 | G78: 4703 · Printing | I78: =3.06 -> 3.06
A79: B38 | G79: 4705 · Toiletries | I79: =82.25 -> 82.25
A80: B38 | G80: 4706 · Kitchen Supplies | I80: =2335.3 -> 2335.3
A81: B38 | G81: 4707 · Other | I81: =7710.82 -> 7710.82
F82: Total 4700 · Office & Kitchen Supplies | I82: =ROUND(SUM(I75:I81),5) -> 11938.88
F83: 4800 · Utilities
A84: B24 | G84: 4801 · Rent | I84: =11360.96 -> 11360.96
A85: B21 | G85: 4802 · Electricity | I85: =3300.16 -> 3300.16
A86: B21 | G86: 4803 · Generator Fuel | I86: =475.34 -> 475.34
A87: B38 | G87: 4804 · Internet | I87: =1529.9 -> 1529.9
A88: B38 | G88: 4805 · Telephone | I88: =992.57 -> 992.57
A89: B21 | G89: 4806 · Water Supply | I89: =203.29 -> 203.29
F90: Total 4800 · Utilities | I90: =ROUND(SUM(I83:I89),5) -> 17862.22
F91: 4900 · Equipments
A92: B38 | G92: 4901 · IT Equipment | I92: =5797.89+245 -> 6042.89
A93: B38 | G93: 4902 · IT Maintainence | I93: =558 -> 558
A94: B25 | G94: 4903 Electrical Equipment | I94: =1678.05 -> 1678.05
A95: B38 | G95: 4905 · Vehicles and Motorbikes | I95: =3.4 -> 3.4
F96: Total 4900 · Equipments | I96: =ROUND(SUM(I91:I95),5) -> 8282.34
F97: 5100 · Board Cost
A98: B38 | G98: 5101 · Food | I98: =3853.8 -> 3853.8
A99: B38 | G99: 5102 · Room Rental | I99: =1247.7 -> 1247.7
F100: Total 5100 · Board Cost | I100: =ROUND(SUM(I97:I99),5) -> 5101.5
...

Sheet Profit and Loss 2023
A1: M'lup Russey Organization
A2: Profit and Loss
A3: January - December 2023
B5: Total
A6: Income
A7: 3000 Income
A8: 3001 Eriks | B8: =287182 -> 287182
A9: 3002 Felm | B9: =32979.36 -> 32979.36
A10: 3003 Cambodia Action | B10: =940.29 -> 940.29
A11: 3004 Tearfund | B11: =53953.79 -> 53953.79
A12: 3006 GHR | B12: =100000 -> 100000
A13: 3012 Other Income | B13: =807.54 -> 807.54
A14: 3015 Global Giving | B14: =1379.77 -> 1379.77
A15: Total 3000 Income | B15: =(((((((B7)+(B8))+(B9))+(B10))+(B11))+(B12))+(B13))+(B14) -> 477242.75
A16: Total Income | B16: =B15 -> 477242.75
A17: Gross Profit | B17: =(B16)-(0) -> 477242.75
A18: Expenses
A19: 4000 Expense
A20: 4100 Client Cost
A21: 4101 Accommodation | B21: =6474.98 -> 6474.98
A22: 4102 Transport | B22: =9393.58 -> 9393.58
A23: 4103 Food | B23: =62538.73 -> 62538.73
A24: 4104 Materials | B24: =14812.31 -> 14812.31
A25: 4105 Care Packages | B25: =846.89 -> 846.89
A26: 4106 Counselling Cost | B26: =25 -> 25
A27: 4107 Clothing | B27: =45.75 -> 45.75
A28: 4108 School Fees & Supplies | B28: =3004.24 -> 3004.24
A29: 4109 Welcome Packs | B29: =216.57 -> 216.57
A30: 4110 Vocational Traning | B30: =85 -> 85
A31: 4111 Work Experience Wages | B31: =894.61 -> 894.61
A32: 4112 Phone Cards | B32: =1029.34 -> 1029.34
A33: 4113 Medical Cost | B33: =322.32 -> 322.32
A34: 4114 Other Cost | B34: =14121.55 -> 14121.55
A35: Total 4100 Client Cost | B35: =((((((((((((((B20)+(B21))+(B22))+(B23))+(B24))+(B25))+(B26))+(B27))+(B28))+(B29))+(B30))+(B31))+(B32))+(B33))+(B34) -> 113810.87
A36: 4200 Reintegration Cost
A37: 4201 Transport | B37: =2.93 -> 2.93
A38: 4202 Photocopy | B38: =47 -> 47
A39: 4204 Family Support | B39: =1576.13 -> 1576.13
A40: Total 4200 Reintegration Cost | B40: =(((B36)+(B37))+(B38))+(B39) -> 1626.06
A41: 4300 Foster Care Family Cost
A42: 4301 Materials | B42: =2322.24 -> 2322.24
A43: 4302 Emergency Food | B43: =628.66 -> 628.66
A44: 4303 Welcome Pack | B44: =24.71 -> 24.71
A45: 4305 Retainer Fees | B45: =1010 -> 1010
A46: 4306 Transport | B46: =541.15 -> 541.15
A47: 4307 Food | B47: =8127.29 -> 8127.29
A48: 4308 Medical Cost | B48: =420.74 -> 420.74
A49: Total 4300 Foster Care Family Cost | B49: =(((((((B41)+(B42))+(B43))+(B44))+(B45))+(B46))+(B47))+(B48) -> 13074.79
A50: 4400 Government Cost
A51: 4401 Accomodation | B51: =9405 -> 9405
A52: 4402 Transport | B52: =6414.73 -> 6414.73
A53: 4403 Field Material | B53: =1951.52 -> 1951.52
A54: 4404 Food Allowance | B54: =27077.17 -> 27077.17
A55: 4405 Invitation Fees | B55: =1573.43 -> 1573.43
A56: 4406 Other | B56: =3891.85 -> 3891.85
A57: Total 4400 Government Cost | B57: =((((((B50)+(B51))+(B52))+(B53))+(B54))+(B55))+(B56) -> 50313.7
A58: 4500 Staff Travel Cost
A59: 4501 Motor Fuel | B59: =279.91+720 -> 999.91
A60: 4502 Motor Repair | B60: =59.32 -> 59.32
A61: 4503 Car Fuel | B61: =9180.41 -> 9180.41
A62: 4504 Car Repair | B62: =3449.9 -> 3449.9
A63: 4505 Per Diem | B63: =18646.04 -> 18646.04
A64: 4506 Vehicle Insurance | B64: =405.58 -> 405.58
A65: 4507 Parking & Road Fees | B65: =15.7 -> 15.7
A66: 4508 Bus & Taxi Fees | B66: =2594.32 -> 2594.32
A67: 4509 Vehicle Rental | B67: =2376.71 -> 2376.71
A68: Total 4500 Staff Travel Cost | B68: =(((((((((B58)+(B59))+(B60))+(B61))+(B62))+(B63))+(B64))+(B65))+(B66))+(B67) -> 37727.89
A69: 4600 Personnel
A70: 4601 Salaries | B70: =199053.64 -> 199053.64
A71: 4602 Provident Fund | B71: =64.16 -> 64.16
A72: 4603 Gratuity Fund | B72: =55.44 -> 55.44
A73: 4604 Insurance & NSSF | B73: =6138.5 -> 6138.5
A74: 4605 Staff Development | B74: =2435.61 -> 2435.61
A75: 4606 Staff Refreshment | B75: =250.46 -> 250.46
A76: 4608 Recruitment | B76: =338.8 -> 338.8
A77: 4612 Other | B77: =385.17 -> 385.17
A78: Total 4600 Personnel | B78: =((((((((B69)+(B70))+(B71))+(B72))+(B73))+(B74))+(B75))+(B76))+(B77) -> 208721.78
A79: 4700 Office & Kitchen Supplies
A80: 4701 Stationery | B80: =1634.41+130.19 -> 1764.6
A81: 4702 Photocopying | B81: =42.85 -> 42.85
A82: 4703 Printing | B82: =3.06 -> 3.06
A83: 4705 Toiletries | B83: =82.25 -> 82.25
A84: 4706 Kitchen Supplies | B84: =2335.3 -> 2335.3
A85: 4707 Other | B85: =7710.82 -> 7710.82
A86: Total 4700 Office & Kitchen Supplies | B86: =((((((B79)+(B80))+(B81))+(B82))+(B83))+(B84))+(B85) -> 11938.88
A87: 4800 Utilities
A88: 4801 Rent | B88: =11360.96 -> 11360.96
A89: 4802 Electricity | B89: =3300.16 -> 3300.16
A90: 4803 Generator Fuel | B90: =475.34 -> 475.34
A91: 4804 Internet | B91: =1529.9 -> 1529.9
A92: 4805 Telephone | B92: =992.57 -> 992.57
A93: 4806 Water Supply | B93: =203.29 -> 203.29
A94: Total 4800 Utilities | B94: =((((((B87)+(B88))+(B89))+(B90))+(B91))+(B92))+(B93) -> 17862.22
A95: 4900 Equipments
A96: 4901 IT Equipment | B96: =5797.89+245 -> 6042.89
A97: 4902 IT Maintainence | B97: =558 -> 558
A98: 4903 Electrical Equipment | B98: =1678.05 -> 1678.05
A99: 4905 Vehicles and Motorbikes | B99: =3.4 -> 3.4
A100: Total 4900 Equipments | B100: =((((B95)+(B96))+(B97))+(B98))+(B99) -> 8282.34
A101: 5100 Board Cost
...

Sheet P&L
A1: Erikshjalpen Organization
A2: Profit and Loss
A3: January - December 2024
D4: Total | H4: In Riels
A5: Income | H5: Exchange Rate end 2024 1US$ = | J5: 4025
A6: B13 | B6: 8500 | C6: =VLOOKUP($B6,' TB'!$A$6:$E$137,2,FALSE) -> Transfer from ERIKS HQ | D6: =VLOOKUP($B6,' TB'!$A$6:$E$137,4,FALSE) -> 245314 | H6: =D6*$J$5 -> 987388850
A7: B15 | B7: 8700 | C7: =VLOOKUP($B7,' TB'!$A$6:$E$137,2,FALSE) -> Income from Bank Interest | D7: =VLOOKUP($B7,' TB'!$A$6:$E$137,4,FALSE) -> 86.68 | H7: =D7*$J$5 -> 348887
C8: Total Income | D8: =SUM(D6:D7) -> 245400.68 | H8: =D8*$J$5 -> 987737737 | J8: =H8 -> 987737737
C9: Gross Profit | F9: =D8 -> 245400.68
A10: Expenses
B11: 3000 Salary Expenses
A12: B23 | B12: 3001 | C12: =VLOOKUP($B12,' TB'!$A$6:$E$137,2,FALSE) -> Salaries | D12: =VLOOKUP($B12,' TB'!$A$6:$E$137,3,FALSE) -> 153617.82 | H12: =D12*$J$5 -> 6.1831173e+08
A13: B23 | B13: 3002 | C13: =VLOOKUP($B13,' TB'!$A$6:$E$137,2,FALSE) -> Staff Seniority | D13: =VLOOKUP($B13,' TB'!$A$6:$E$137,3,FALSE) -> 11430.72 | H13: =D13*$J$5 -> 46008648
A14: B23 | B14: 3003 | C14: =VLOOKUP($B14,' TB'!$A$6:$E$137,2,FALSE) -> Group Accident insurance | D14: =VLOOKUP($B14,' TB'!$A$6:$E$137,3,FALSE) -> 250 | H14: =D14*$J$5 -> 1006250
A15: B23 | B15: 3005 | C15: =VLOOKUP($B15,' TB'!$A$6:$E$137,2,FALSE) -> Social Security Insurances for staff | D15: =VLOOKUP($B15,' TB'!$A$6:$E$137,3,FALSE) -> 1359.43 | H15: =D15*$J$5 -> 5471705.8
A16: B23 | B16: 3006 | C16: =VLOOKUP($B16,' TB'!$A$6:$E$137,2,FALSE) -> Incentive Allowance/8% Pension allowance | D16: =VLOOKUP($B16,' TB'!$A$6:$E$137,3,FALSE) -> 11308.85 | H16: =D16*$J$5 -> 45518121
A17: B23 | B17: 3007 | C17: =VLOOKUP($B17,' TB'!$A$6:$E$137,2,FALSE) -> Office staff gratuity/Compensation Leave | D17: =VLOOKUP($B17,' TB'!$A$6:$E$137,3,FALSE) -> 15442.25 | H17: =D17*$J$5 -> 62155056
A18: B23 | B18: 3009 | C18: =VLOOKUP($B18,' TB'!$A$6:$E$137,2,FALSE) -> Staff Medical insurances | D18: =VLOOKUP($B18,' TB'!$A$6:$E$137,3,FALSE) -> 1827.2 | H18: =D18*$J$5 -> 7354480
C19: Total 3000 Salary Expenses' | E19: =SUM(D11:D18) -> 195236.27 | I19: =SUM(H12:H18) -> 7.8582599e+08
B20: 4000 Office/General Administrative Expenses
A21: B27 | B21: 4001 | C21: =VLOOKUP($B21,' TB'!$A$6:$E$137,2,FALSE) -> Office Rent or lease payments | D21: =VLOOKUP($B21,' TB'!$A$6:$E$137,3,FALSE) -> 11580 | H21: =D21*$J$5 -> 46609500
A22: B24 | B22: 4002 | C22: =VLOOKUP($B22,' TB'!$A$6:$E$137,2,FALSE) -> Utilities | D22: =VLOOKUP($B22,' TB'!$A$6:$E$137,3,FALSE) -> 293.25 | H22: =D22*$J$5 -> 1180331.2
A23: B24 | B23: 4005 | C23: =VLOOKUP($B23,' TB'!$A$6:$E$137,2,FALSE) -> Office Electricity | D23: =VLOOKUP($B23,' TB'!$A$6:$E$137,3,FALSE) -> 1275.3 | H23: =D23*$J$5 -> 5133082.5
A24: B41 | B24: 4006 | C24: =VLOOKUP($B24,' TB'!$A$6:$E$137,2,FALSE) -> Postage Expenses | D24: =VLOOKUP($B24,' TB'!$A$6:$E$137,3,FALSE) -> 20 | H24: =D24*$J$5 -> 80500
A25: B41 | B25: 4007 | C25: =VLOOKUP($B25,' TB'!$A$6:$E$137,2,FALSE) -> Office Phone and Fax | D25: =VLOOKUP($B25,' TB'!$A$6:$E$137,3,FALSE) -> 600 | H25: =D25*$J$5 -> 2415000
A26: B41 | B26: 4008 | C26: =VLOOKUP($B26,' TB'!$A$6:$E$137,2,FALSE) -> Bank Charge | D26: =VLOOKUP($B26,' TB'!$A$6:$E$137,3,FALSE) -> 604.74 | H26: =D26*$J$5 -> 2434078.5
A27: B41 | B27: 4009 | C27: =VLOOKUP($B27,' TB'!$A$6:$E$137,2,FALSE) -> Printer ink, printing and copies | D27: =VLOOKUP($B27,' TB'!$A$6:$E$137,3,FALSE) -> 179.83 | H27: =D27*$J$5 -> 723815.75
A28: B41 | B28: 4010 | C28: =VLOOKUP($B28,' TB'!$A$6:$E$137,2,FALSE) -> Stationary & Printing | D28: =VLOOKUP($B28,' TB'!$A$6:$E$137,3,FALSE) -> 295.53 | H28: =D28*$J$5 -> 1189508.2
A29: B41 | B29: 4011 | C29: =VLOOKUP($B29,' TB'!$A$6:$E$137,2,FALSE) -> Newspapers/Magazine | D29: =VLOOKUP($B29,' TB'!$A$6:$E$137,3,FALSE) -> 60 | H29: =D29*$J$5 -> 241500
A30: B41 | B30: 4012 | C30: =VLOOKUP($B30,' TB'!$A$6:$E$137,2,FALSE) -> Meeting with IPOs and Government | D30: =VLOOKUP($B30,' TB'!$A$6:$E$137,3,FALSE) -> 177.8 | H30: =D30*$J$5 -> 715645
A31: B41 | B31: 4013 | C31: =VLOOKUP($B31,' TB'!$A$6:$E$137,2,FALSE) -> Office Registration Expenses | D31: =VLOOKUP($B31,' TB'!$A$6:$E$137,3,FALSE) -> 529.78 | H31: =D31*$J$5 -> 2132364.5
A32: B32 | B32: 4014 | C32: =VLOOKUP($B32,' TB'!$A$6:$E$137,2,FALSE) -> Projection budget work with MoI | D32: =VLOOKUP($B32,' TB'!$A$6:$E$137,3,FALSE) -> 12776.1 | H32: =D32*$J$5 -> 51423802
... A34: B31 | B34: 4016 | C34: =VLOOKUP($B34,' TB'!$A$6:$E$137,2,FALSE) -> Tax Exchange Gain/Loss | D34: =VLOOKUP($B34,' TB'!$A$6:$E$137,3,FALSE) -> 27.49 | H34: =D34*$J$5 -> 110647.25
C35: Total 510 Agriculture Activities | E35: =SUM(D21:D34) -> 46923.06 | I35: =SUM(H21:H34) -> 1.8886532e+08
B36: 5000 Office Expenses:
A37: B41 | B37: 5001 | C37: =VLOOKUP($B37,' TB'!$A$6:$E$137,2,FALSE) -> Office Equipment Expenses | D37: =VLOOKUP($B37,' TB'!$A$6:$E$137,3,FALSE) -> 395.65 | H37: =D37*$J$5 -> 1592491.2
A38: B41 | B38: 5002 | C38: =VLOOKUP($B38,' TB'!$A$6:$E$137,2,FALSE) -> Office Maintenance/Utilities Expenses | D38: =VLOOKUP($B38,' TB'!$A$6:$E$137,3,FALSE) -> 156.2 | H38: =D38*$J$5 -> 628705
A39: B41 | B39: 5003 | C39: =VLOOKUP($B39,' TB'!$A$6:$E$137,2,FALSE) -> IT Accessories Expenses | D39: =VLOOKUP($B39,' TB'!$A$6:$E$137,3,FALSE) -> 264 | H39: =D39*$J$5 -> 1062600
A40: B41 | B40: 5005 | C40: =VLOOKUP($B40,' TB'!$A$6:$E$137,2,FALSE) -> Internet Expenses | D40: =VLOOKUP($B40,' TB'!$A$6:$E$137,3,FALSE) -> 517.22 | H40: =D40*$J$5 -> 2081810.5
A41: B41 | B41: 5099 | C41: =VLOOKUP($B41,' TB'!$A$6:$E$137,2,FALSE) -> Miscellanoeus Office Expenses | D41: =VLOOKUP($B41,' TB'!$A$6:$E$137,3,FALSE) -> 74.37 | H41: =D41*$J$5 -> 299339.25
C42: Total 600 Child Education | E42: =SUM(D37:D41) -> 1407.44 | I42: =SUM(H37:H41) -> 5664946
B43: 5200 External Services:
A44: B33 | B44: 5202 | C44: =VLOOKUP($B44,' TB'!$A$6:$E$137,2,FALSE) -> Other Consultant fee | D44: =VLOOKUP($B44,' TB'!$A$6:$E$137,3,FALSE) -> 4800 | H44: =D44*$J$5 -> 19320000
A45: B33 | B45: 5203 | C45: =VLOOKUP($B45,' TB'!$A$6:$E$137,2,FALSE) -> Professional fee Audit cost | D45: =VLOOKUP($B45,' TB'!$A$6:$E$137,3,FALSE) -> 2497 | H45: =D45*$J$5 -> 10050425
A46: B41 | B46: 5205 | C46: =VLOOKUP($B46,' TB'!$A$6:$E$137,2,FALSE) -> Membership Local networking /registration | D46: =VLOOKUP($B46,' TB'!$A$6:$E$137,3,FALSE) -> 539.55 | H46: =D46*$J$5 -> 2171688.8
C47: Total 610 Health & Environment | E47: =SUM(D44:D46) -> 7836.55 | I47: =SUM(H44:H46) -> 31542114
B48: 6000 Rountine Monitoring&Visit IPOs Expenses:
A49: B25 | B49: 6001 | C49: =VLOOKUP($B49,' TB'!$A$6:$E$137,2,FALSE) -> Meals and Accommodations expenses | D49: =VLOOKUP($B49,' TB'!$A$6:$E$137,3,FALSE) -> 3295.8 | H49: =D49*$J$5 -> 13265595
A50: B25 | B50: 6003 | C50: =VLOOKUP($B50,' TB'!$A$6:$E$137,2,FALSE) -> Vehicle Running Costs Expenses | D50: =VLOOKUP($B50,' TB'!$A$6:$E$137,3,FALSE) -> 43.73 | H50: =D50*$J$5 -> 176013.25
A51: B25 | B51: 6005 | C51: =VLOOKUP($B51,' TB'!$A$6:$E$137,2,FALSE) -> Travel expenses - Air Ticket | D51: =VLOOKUP($B51,' TB'!$A$6:$E$137,3,FALSE) -> 1538.5 | H51: =D51*$J$5 -> 6192462.5
A52: B25 | B52: 6006 | C52: =VLOOKUP($B52,' TB'!$A$6:$E$137,2,FALSE) -> Travel expenses - Visa fees | D52: =VLOOKUP($B52,' TB'!$A$6:$E$137,3,FALSE) -> 1749.18 | H52: =D52*$J$5 -> 7040449.5
A53: B25 | B53: 6007 | C53: =VLOOKUP($B53,' TB'!$A$6:$E$137,2,FALSE) -> Air Ticket for routine partner visit | D53: =VLOOKUP($B53,' TB'!$A$6:$E$137,3,FALSE) -> 593.08 | H53: =D53*$J$5 -> 2387147
C54: Total 700 Project Manpower Cost | E54: =SUM(D49:D53) -> 7220.29 | I54: =SUM(H49:H53) -> 29061667
B55: 6200 IPOs Capacity Development
A56: B33 | B56: 6201 | C56: =VLOOKUP($B56,' TB'!$A$6:$E$137,2,FALSE) -> Annual Partner Meeting in Cambodia | D56: =VLOOKUP($B56,' TB'!$A$6:$E$137,3,FALSE) -> 2887.44 | H56: =D56*$J$5 -> 11621946
A57: B32 | B57: 6205 | C57: =VLOOKUP($B57,' TB'!$A$6:$E$137,2,FALSE) -> CRC for CRSA | D57: =VLOOKUP($B57,' TB'!$A$6:$E$137,3,FALSE) -> 2000 | H57: =D57*$J$5 -> 8050000
A58: B33 | B58: 6207 | C58: =VLOOKUP($B58,' TB'!$A$6:$E$137,2,FALSE) -> Women Forum | D58: =VLOOKUP($B58,' TB'!$A$6:$E$137,3,FALSE) -> 100.85 | H58: =D58*$J$5 -> 405921.25
C59: Total 710 M & E and Financial Audit cost | E59: =SUM(D56:D58) -> 4988.29 | I59: =SUM(H56:H58) -> 20077867
B60: 6100 SEAT Capacity Development
A61: B41 | B61: 6106 | C61: =VLOOKUP($B61,' TB'!$A$6:$E$137,2,FALSE) -> SEAT Learning & Team Development | D61: =VLOOKUP($B61,' TB'!$A$6:$E$137,3,FALSE) -> 2690.87 | H61: =D61*$J$5 -> 10830752
C62: Total 850 OVERHEAD/SUPPORT COST | E62: =SUM(D61) -> 2690.87 | I62: =SUM(H61) -> 10830752
C63: Total Expenses | F63: =E19+E35+E42+E47+E54+E59+E62 -> 266302.77 | I63: =I19+I35+I42+I47+I54+I59+I62 -> 1.0718686e+09
C65: Net Earnings | F65: =((((D8)+(0))-(0))-(F63))-(0) -> -20902.09 | J65: =J8-I63 -> -84130912

Sheet BS
A1: Erikshjalpen Organization
A2: Balance Sheet
A3: As of December 31, 2024
D5: Total | H5: In Riels
A6: Assets | H6: Excahnge Rate | I6: 4025
B7: Current Assets
A8: A22 | B8: 1000 | C8: =VLOOKUP($B8,' TB'!$A$6:$E$137,2,FALSE) -> Cash In Bank | D8: =VLOOKUP($B8,' TB'!$A$6:$E$137,3,FALSE) -> 16970.17 | H8: =D8*$I$6 -> 68304934
A9: A20 | B9: 1006 | C9: =VLOOKUP($B9,' TB'!$A$6:$E$137,2,FALSE) -> Office Rental Deposit | D9: =VLOOKUP($B9,' TB'!$A$6:$E$137,3,FALSE) -> 2700 | H9: =D9*$I$6 -> 10867500
A10: A22 | B10: 1004 | C10: =VLOOKUP($B10,' TB'!$A$6:$E$137,2,FALSE) -> Accrual Payment | D10: =VLOOKUP($B10,' TB'!$A$6:$E$137,3,FALSE) -> 0 | H10: =D10*$I$6 -> 0
A11: A21 | B11: 1005 | C11: =VLOOKUP($B11,' TB'!$A$6:$E$137,2,FALSE) -> Program Advance | D11: =VLOOKUP($B11,' TB'!$A$6:$E$137,3,FALSE) -> 93.09 | H11: =D11*$I$6 -> 374687.25
B12: Total Current Assets | E12: =SUM(D8:D11) -> 19763.26 | I12: =E12*$I$6 -> 79547122
A13: Total Assets | F13: =E12 -> 19763.26 | J13: =I12 -> 79547122
B14: Liabilities and shareholder's equity
C15: Current liabilities:
A16: A46 | B16: 1760 | C16: =VLOOKUP($B16,' TB'!$A$6:$E$137,2,FALSE) -> Pension Payable | D16: =VLOOKUP($B16,' TB'!$A$6:$E$137,4,FALSE) -> 47.51 | H16: =(D16*$I$6)+1 -> 191228.75
A17: A46 | B17: 1770 | C17: =VLOOKUP($B17,' TB'!$A$6:$E$137,2,FALSE) -> Reimbursement to owing Staff | D17: =VLOOKUP($B17,' TB'!$A$6:$E$137,4,FALSE) -> 171.02 | H17: =D17*$I$6 -> 688355.5
A18: A46 | B18: 1780 | C18: =VLOOKUP($B18,' TB'!$A$6:$E$137,2,FALSE) -> Payable to Auditor | D18: =VLOOKUP($B18,' TB'!$A$6:$E$137,4,FALSE) -> 2497 | H18: =D18*$I$6 -> 10050425
A19: A51 | B19: 1700 | C19: =VLOOKUP($B19,' TB'!$A$6:$E$137,2,FALSE) -> Salary Tax Payable | D19: =VLOOKUP($B19,' TB'!$A$6:$E$137,4,FALSE) -> 2211.37 | H19: =D19*$I$6 -> 8900764.2
A20: A46 | B20: 1750 | C20: =VLOOKUP($B20,' TB'!$A$6:$E$137,2,FALSE) -> Current WHT Liability | D20: =VLOOKUP($B20,' TB'!$A$6:$E$137,4,FALSE) -> 0 | H20: =D20*$I$6 -> 0
C21: Total current liabilities | E21: =SUM(D16:D20) -> 4926.9 | I21: =SUM(H16:H20) -> 19830774
B22: Shareholders' equity:
A23: A36 | C23: Net Income | D23: ='P&L'!F65 -> -20902.09 | H23: =D23*$I$6 -> -84130912
A24: A35 | B24: 1800 | C24: =VLOOKUP($B24,' TB'!$A$6:$E$137,2,FALSE) -> Opening Balance Equity | D24: =-VLOOKUP($B24,' TB'!$A$6:$E$137,3,FALSE) -> -5707 | H24: =D24*$I$6 -> -22970675
A25: A35 | B25: 1900 | C25: =VLOOKUP($B25,' TB'!$A$6:$E$137,2,FALSE) -> Retained Earnings | D25: =VLOOKUP($B25,' TB'!$A$6:$E$137,4,FALSE) -> 41445.45 | H25: =D25*$I$6 -> 1.6681794e+08
C26: Total shareholders' equity | E26: =((D23)+(D24))+(D25) -> 14836.36 | I26: =E26*$I$6 -> 59716349
C27: Total liabilities and equity | F27: =(E21)+(E26) -> 19763.26 | J27: =I21+I26 -> 79547122

Sheet  TB
A1: Erikshjalpen Organization
A2: Trial Balance
A3: As of December 31, 2024
F4: In RIELS | G4: 4025
C5: Debit | D5: Credit | F5: Debit | G5: Credit
A6: 1000 | B6: Cash In Bank | C6: =16970.17 -> 16970.17 | F6: =C6*$G$4 -> 68304934
A7: 1006 | B7: Office Rental Deposit | C7: =2700 -> 2700 | F7: =C7*$G$4 -> 10867500
A8: 1004 | B8: Accrual Payment | C8: =0 -> 0 | F8: =C8*$G$4 -> 0
A9: 1005 | B9: Program Advance | C9: =93.09 -> 93.09 | F9: =C9*$G$4 -> 374687.25
A10: 1760 | B10: Pension Payable | D10: =47.51 -> 47.51 | G10: =D10*$G$4 -> 191227.75
A11: 1770 | B11: Reimbursement to owing Staff | D11: =171.02 -> 171.02 | G11: =D11*$G$4 -> 688355.5
A12: 1780 | B12: Payable to Auditor | D12: =2497 -> 2497 | G12: =D12*$G$4 -> 10050425
A13: 1700 | B13: Salary Tax Payable | D13: =2211.37 -> 2211.37 | G13: =D13*$G$4 -> 8900764.2
A14: 1750 | B14: Current WHT Liability | D14: =0 -> 0
A15: 1800 | B15: Opening Balance Equity | C15: =5707 -> 5707 | F15: =C15*$G$4 -> 22970675
A16: 1900 | B16: Retained Earnings | D16: =41445.45 -> 41445.45 | G16: =D16*$G$4 -> 1.6681794e+08
A17: 8500 | B17: Transfer from ERIKS HQ | D17: =245314 -> 245314 | G17: =D17*$G$4 -> 987388850
A18: 8700 | B18: Income from Bank Interest | D18: =86.68 -> 86.68 | G18: =D18*$G$4 -> 348887
A19: 3001 | B19: Salaries | C19: =153617.82 -> 153617.82 | F19: =C19*$G$4 -> 6.1831173e+08
A20: 3002 | B20: Staff Seniority | C20: =11430.72 -> 11430.72 | F20: =C20*$G$4 -> 46008648
A21: 3003 | B21: Group Accident insurance | C21: =250 -> 250 | F21: =C21*$G$4 -> 1006250
A22: 3005 | B22: Social Security Insurances for staff | C22: =1359.43 -> 1359.43 | F22: =C22*$G$4 -> 5471705.8
A23: 3006 | B23: Incentive Allowance/8% Pension allowance | C23: =11308.85 -> 11308.85 | F23: =C23*$G$4 -> 45518121
A24: 3007 | B24: Office staff gratuity/Compensation Leave | C24: =15442.25 -> 15442.25 | F24: =C24*$G$4 -> 62155056
A25: 3009 | B25: Staff Medical insurances | C25: =1827.2 -> 1827.2 | F25: =C25*$G$4 -> 7354480
A26: 4001 | B26: Office Rent or lease payments | C26: =11580 -> 11580 | F26: =C26*$G$4 -> 46609500
A27: 4002 | B27: Utilities | C27: =293.25 -> 293.25 | F27: =C27*$G$4 -> 1180331.2
A28: 4005 | B28: Office Electricity | C28: =1275.3 -> 1275.3 | F28: =C28*$G$4 -> 5133082.5
A29: 4006 | B29: Postage Expenses | C29: =20 -> 20 | F29: =C29*$G$4 -> 80500
A30: 4007 | B30: Office Phone and Fax | C30: =600 -> 600 | F30: =C30*$G$4 -> 2415000
A31: 4008 | B31: Bank Charge | C31: =604.74 -> 604.74 | F31: =C31*$G$4 -> 2434078.5
A32: 4009 | B32: Printer ink, printing and copies | C32: =179.83 -> 179.83 | F32: =C32*$G$4 -> 723815.75
A33: 4010 | B33: Stationary & Printing | C33: =295.53 -> 295.53 | F33: =C33*$G$4 -> 1189508.2
A34: 4011 | B34: Newspapers/Magazine | C34: =60 -> 60 | F34: =C34*$G$4 -> 241500
A35: 4012 | B35: Meeting with IPOs and Government | C35: =177.8 -> 177.8 | F35: =C35*$G$4 -> 715645
A36: 4013 | B36: Office Registration Expenses | C36: =529.78 -> 529.78 | F36: =C36*$G$4 -> 2132364.5
A37: 4014 | B37: Projection budget work with MoI | C37: =12776.1 -> 12776.1 | F37: =C37*$G$4 -> 51423802
A38: 4015 | B38: Tax Expenditure | C38: =18503.24 -> 18503.24 | F38: =C38*$G$4 -> 74475541
A39: 4016 | B39: Tax Exchange Gain/Loss | C39: =27.49 -> 27.49 | F39: =C39*$G$4 -> 110647.25
A40: 5001 | B40: Office Equipment Expenses | C40: =395.65 -> 395.65 | F40: =C40*$G$4 -> 1592491.2
A41: 5002 | B41: Office Maintenance/Utilities Expenses | C41: =156.2 -> 156.2 | F41: =C41*$G$4 -> 628705
A42: 5003 | B42: IT Accessories Expenses | C42: =264 -> 264 | F42: =C42*$G$4 -> 1062600
A43: 5005 | B43: Internet Expenses | C43: =517.22 -> 517.22 | F43: =C43*$G$4 -> 2081810.5
A44: 5099 | B44: Miscellanoeus Office Expenses | C44: =74.37 -> 74.37 | F44: =C44*$G$4 -> 299339.25
A45: 5202 | B45: Other Consultant fee | C45: =4800 -> 4800 | F45: =C45*$G$4 -> 19320000
A46: 5203 | B46: Professional fee Audit cost | C46: =2497 -> 2497 | F46: =C46*$G$4 -> 10050425
A47: 5205 | B47: Membership Local networking /registration | C47: =539.55 -> 539.55 | F47: =C47*$G$4 -> 2171688.8
A48: 6001 | B48: Meals and Accommodations expenses | C48: =3295.8 -> 3295.8 | F48: =C48*$G$4 -> 13265595
A49: 6003 | B49: Vehicle Running Costs Expenses | C49: =43.73 -> 43.73 | F49: =C49*$G$4 -> 176013.25
A50: 6005 | B50: Travel expenses - Air Ticket | C50: =1538.5 -> 1538.5 | F50: =C50*$G$4 -> 6192462.5
A51: 6006 | B51: Travel expenses - Visa fees | C51: =1749.18 -> 1749.18 | F51: =C51*$G$4 -> 7040449.5
A52: 6007 | B52: Air Ticket for routine partner visit | C52: =593.08 -> 593.08 | F52: =C52*$G$4 -> 2387147
A53: 6106 | B53: SEAT Learning & Team Development | C53: =2690.87 -> 2690.87 | F53: =C53*$G$4 -> 10830752
A54: 6201 | B54: Annual Partner Meeting in Cambodia | C54: =2887.44 -> 2887.44 | F54: =C54*$G$4 -> 11621946
A55: 6205 | B55: CRC for CRSA | C55: =2000 -> 2000 | F55: =C55*$G$4 -> 8050000
A56: 6207 | B56: Women Forum | C56: =100.85 -> 100.85 | F56: =C56*$G$4 -> 405921.25
B57: TOTAL | C57: =((((((((((((((((((((((((((((((((((((((((((((((((((C6)+(C7))+(C8))+(C9))+(C10))+(C11))+(C12))+(C13))+(C14))+(C15))+(C16))+(C17))+(C18))+(C19))+(C20))+(C21))+(C22))+(C23))+(C24))+(C25))+(C26))+(C27))+(C28))+(C29))+(C30))+(C31))+(C32))+(C33))+(C34))+(C35))+(C36))+(C37))+(C38))+(C39))+(C40))+(C41))+(C42))+(C43))+(C44))+(C45))+(C46))+(C47))+(C48))+(C49))+(C50))+(C51))+(C52))+(C53))+(C54))+(C55))+(C56) -> 291773.03 | D57: =((((((((((((((((((((((((((((((((((((((((((((((((((D6)+(D7))+(D8))+(D9))+(D10))+(D11))+(D12))+(D13))+(D14))+(D15))+(D16))+(D17))+(D18))+(D19))+(D20))+(D21))+(D22))+(D23))+(D24))+(D25))+(D26))+(D27))+(D28))+(D29))+(D30))+(D31))+(D32))+(D33))+(D34))+(D35))+(D36))+(D37))+(D38))+(D39))+(D40))+(D41))+(D42))+(D43))+(D44))+(D45))+(D46))+(D47))+(D48))+(D49))+(D50))+(D51))+(D52))+(D53))+(D54))+(D55))+(D56) -> 291773.03 | F57: =SUM(F6:F56) -> 1.1743864e+09 | G57: =SUM(G6:G56) -> 1.1743864e+09

Sheet Chart of Account (Tax Dpt)
A1: For TOI return
A2: TAX Reference Number | C2: Description | D2: Exchange rate: | E2: 4025 | F2: Will add the actual based date
D3: In USD | F3: In RIELS
D4: BS | E4: PL | F4: Total BS (Khmer) | G4: Total P&L (Khmer)
A5: A0 | B5: Assets (A0=A1+ A13) | D5: =+D6+D18 -> 19763.26 | E5: =+E6+E18 -> 0 | F5: =+F6+F18 -> 79547122 | G5: =+G6+G18 -> 0
A6: A01 | B6: Non-current assets/fixed assets (A1=Sum(A2:A12)) | D6: =SUM(D7:D17) -> 0 | F6: =SUM(F7:F17) -> 0 | G6: =SUM(G7:G17) -> 0
A7: A02 | C7: Freehold Land | D7: =SUMIF(BS!A:A,'Chart of Account (Tax Dpt)'!A7,BS!D:D) -> 0 | F7: =D7*E$2 -> 0 | G7: =E7*E$2 -> 0
A8: A03 | C8: Improvements and preparation of land | D8: =SUMIF(BS!A:A,'Chart of Account (Tax Dpt)'!A8,BS!D:D) -> 0 | F8: =D8*E$2 -> 0 | G8: =E8*E$2 -> 0
A9: A04 | C9: Freehold buildings | D9: =SUMIF(BS!A:A,'Chart of Account (Tax Dpt)'!A9,BS!D:D) -> 0 | F9: =D9*E$2 -> 0 | G9: =E9*E$2 -> 0
A10: A05 | C10: Freehold buildings on leasehold land | D10: =SUMIF(BS!A:A,'Chart of Account (Tax Dpt)'!A10,BS!D:D) -> 0 | F10: =D10*E$2 -> 0 | G10: =E10*E$2 -> 0
A11: A06 | C11: Non-current assets in progress | D11: =SUMIF(BS!A:A,'Chart of Account (Tax Dpt)'!A11,BS!D:D) -> 0 | F11: =D11*E$2 -> 0 | G11: =E11*E$2 -> 0
A12: A07 | C12: Plant and equipment | D12: =SUMIF(BS!A:A,'Chart of Account (Tax Dpt)'!A12,BS!D:D) -> 0 | F12: =D12*E$2 -> 0 | G12: =E12*E$2 -> 0
A13: A08 | C13: Goodwill | D13: =SUMIF(BS!A:A,'Chart of Account (Tax Dpt)'!A13,BS!D:D) -> 0 | F13: =D13*E$2 -> 0 | G13: =E13*E$2 -> 0
A14: A09 | C14: Preliminary and formation expenses | D14: =SUMIF(BS!A:A,'Chart of Account (Tax Dpt)'!A14,BS!D:D) -> 0 | F14: =D14*E$2 -> 0 | G14: =E14*E$2 -> 0
A15: A10 | C15: Leasehold assets and lease premiums | D15: =SUMIF(BS!A:A,'Chart of Account (Tax Dpt)'!A15,BS!D:D) -> 0 | F15: =D15*E$2 -> 0 | G15: =E15*E$2 -> 0
A16: A11 | C16: Investment in other enterprise | D16: =SUMIF(BS!A:A,'Chart of Account (Tax Dpt)'!A16,BS!D:D) -> 0 | F16: =D16*E$2 -> 0 | G16: =E16*E$2 -> 0
A17: A12 | C17: Other non-current assets | D17: =SUMIF(BS!A:A,'Chart of Account (Tax Dpt)'!A17,BS!D:D) -> 0 | F17: =D17*E$2 -> 0 | G17: =E17*E$2 -> 0
A18: A13 | B18: Current assets [A13=Sum(A14:A25)] | D18: =SUM(D19:D31) -> 19763.26 | F18: =SUM(F19:F31) -> 79547122 | G18: =SUM(G19:G31) -> 0
A19: A14 | C19: Stock of raw materials and supplies | D19: =SUMIF(BS!A:A,'Chart of Account (Tax Dpt)'!A19,BS!D:D) -> 0 | F19: =D19*E$2 -> 0 | G19: =E19*E$2 -> 0
A20: A15 | C20: Stocks of goods | D20: =SUMIF(BS!A:A,'Chart of Account (Tax Dpt)'!A20,BS!D:D) -> 0 | F20: =D20*E$2 -> 0 | G20: =E20*E$2 -> 0
A21: A16 | C21: Stocks of finished goods | D21: =SUMIF(BS!A:A,'Chart of Account (Tax Dpt)'!A21,BS!D:D) -> 0 | F21: =D21*E$2 -> 0 | G21: =E21*E$2 -> 0
A22: A17 | C22: Products in progress | D22: =SUMIF(BS!A:A,'Chart of Account (Tax Dpt)'!A22,BS!D:D) -> 0 | F22: =D22*E$2 -> 0 | G22: =E22*E$2 -> 0
A23: A18 | C23: Accounts receivable/trade debtors | D23: =SUMIF(BS!A:A,'Chart of Account (Tax Dpt)'!A23,BS!D:D) -> 0 | F23: =D23*E$2 -> 0 | G23: =E23*E$2 -> 0
A24: A19 | C24: Other account receivables | D24: =SUMIF(BS!A:A,'Chart of Account (Tax Dpt)'!A24,BS!D:D) -> 0 | F24: =D24*E$2 -> 0 | G24: =E24*E$2 -> 0
A25: A20 | C25: Prepaid expenses | D25: =SUMIF(BS!A:A,'Chart of Account (Tax Dpt)'!A25,BS!D:D) -> 2700 | F25: =D25*E$2 -> 10867500 | G25: =E25*E$2 -> 0
A26: A21 | C26: Cash on hand | D26: =SUMIF(BS!A:A,'Chart of Account (Tax Dpt)'!A26,BS!D:D) -> 93.09 | F26: =D26*E$2 -> 374687.25 | G26: =E26*E$2 -> 0
A27: A22 | C27: Cash in Bank | D27: =SUMIF(BS!A:A,'Chart of Account (Tax Dpt)'!A27,BS!D:D) -> 16970.17 | F27: =D27*E$2 -> 68304934 | G27: =E27*E$2 -> 0
A28: A23 | C28: Prepayment of profit tax credit | D28: =SUMIF(BS!A:A,'Chart of Account (Tax Dpt)'!A28,BS!D:D) -> 0 | F28: =D28*E$2 -> 0 | G28: =E28*E$2 -> 0
A29: A24 | C29: Value added tax credit | D29: =SUMIF(BS!A:A,'Chart of Account (Tax Dpt)'!A29,BS!D:D) -> 0 | F29: =D29*E$2 -> 0 | G29: =E29*E$2 -> 0
A30: A25 | C30: Other taxes credit | D30: =SUMIF(BS!A:A,'Chart of Account (Tax Dpt)'!A30,BS!D:D) -> 0 | F30: =D30*E$2 -> 0 | G30: =E30*E$2 -> 0
... A32: A27 | C32: Differences arising from currency translation in assets | D32: =SUMIF(BS!A:A,'Chart of Account (Tax Dpt)'!A32,BS!D:D) -> 0 | F32: =D32*E$2 -> 0 | G32: =E32*E$2 -> 0
A33: A28 | B33: TOTAL Equity and liabilities [A27=sum(A28+A36+A41)] | D33: =+D34+D42+D47 -> 19763.26 | F33: =F34+F42+F47 -> 79547121 | G33: =G34+G42+G47 -> 0
A34: A29 | B34: Total Equity [A28=sum(A29:A35)] | D34: =SUM(D35:D41) -> 14836.36 | F34: =D34*E$2 -> 59716349 | G34: =E34*E$2 -> 0
A35: A30 | C35: Capital/Share capital | D35: =SUMIF(BS!A:A,'Chart of Account (Tax Dpt)'!A35,BS!D:D) -> 0 | F35: =D35*E$2 -> 0 | G35: =E35*E$2 -> 0
A36: A31 | C36: Share premium | D36: =SUMIF(BS!A:A,'Chart of Account (Tax Dpt)'!A36,BS!D:D) -> 0 | F36: =D36*E$2 -> 0 | G36: =E36*E$2 -> 0
A37: A32 | C37: Legal capital reserves | D37: =SUMIF(BS!A:A,'Chart of Account (Tax Dpt)'!A37,BS!D:D) -> 0 | F37: =D37*E$2 -> 0 | G37: =E37*E$2 -> 0
A38: A33 | C38: Reserves revaluation surplus of assets | D38: =SUMIF(BS!A:A,'Chart of Account (Tax Dpt)'!A38,BS!D:D) -> 0 | F38: =D38*E$2 -> 0 | G38: =E38*E$2 -> 0
A39: A34 | C39: Other capital reserves | D39: =SUMIF(BS!A:A,'Chart of Account (Tax Dpt)'!A39,BS!D:D) -> 0 | F39: =D39*E$2 -> 0 | G39: =E39*E$2 -> 0
A40: A35 | C40: Profit and loss brought forward (+ or - ) | D40: =SUMIF(BS!A:A,'Chart of Account (Tax Dpt)'!A40,BS!D:D) -> 35738.45 | F40: =D40*E$2 -> 1.4384726e+08 | G40: =E40*E$2 -> 0
A41: A36 | C41: Profit and loss for the period ( + or - ) | D41: =SUMIF(BS!A:A,'Chart of Account (Tax Dpt)'!A41,BS!D:D) -> -20902.09 | F41: =D41*E$2 -> -84130912 | G41: =E41*E$2 -> 0
A42: A37 | B42: Total Non-current liabilities [A36=sum(A37:A40)] | D42: =SUM(D43:D46) -> 0 | F42: =D42*E$2 -> 0 | G42: =E42*E$2 -> 0
A43: A38 | C43: Loan from related parties | D43: =SUMIF(BS!A:A,'Chart of Account (Tax Dpt)'!A43,BS!D:D) -> 0 | F43: =D43*E$2 -> 0 | G43: =E43*E$2 -> 0
A44: A39 | C44: Loan from banks and other external parties | D44: =SUMIF(BS!A:A,'Chart of Account (Tax Dpt)'!A44,BS!D:D) -> 0 | F44: =D44*E$2 -> 0 | G44: =E44*E$2 -> 0
A45: A40 | C45: Provision for charges and contigencies | D45: =SUMIF(BS!A:A,'Chart of Account (Tax Dpt)'!A45,BS!D:D) -> 0 | F45: =D45*E$2 -> 0 | G45: =E45*E$2 -> 0
A46: A41 | C46: Other non-current liabilities | D46: =SUMIF(BS!A:A,'Chart of Account (Tax Dpt)'!A46,BS!D:D) -> 0 | F46: =D46*E$2 -> 0 | G46: =E46*E$2 -> 0
A47: A42 | B47: Total Current liabilities [A41=sum(A42:A50)] | D47: =SUM(D48:D57) -> 4926.9 | F47: =D47*E$2 -> 19830772 | G47: =E47*E$2 -> 0
A48: A43 | C48: Bank overdraft | D48: =SUMIF(BS!A:A,'Chart of Account (Tax Dpt)'!A48,BS!D:D) -> 0 | F48: =D48*E$2 -> 0 | G48: =E48*E$2 -> 0
A49: A44 | C49: Short-term borrowing-current portion of interest bearing borrowing | D49: =SUMIF(BS!A:A,'Chart of Account (Tax Dpt)'!A49,BS!D:D) -> 0 | F49: =D49*E$2 -> 0 | G49: =E49*E$2 -> 0
A50: A45 | C50: Accounts payable to related parties | D50: =SUMIF(BS!A:A,'Chart of Account (Tax Dpt)'!A50,BS!D:D) -> 0 | F50: =D50*E$2 -> 0 | G50: =E50*E$2 -> 0
A51: A46 | C51: Other accounts payable, | D51: =SUMIF(BS!A:A,'Chart of Account (Tax Dpt)'!A51,BS!D:D) -> 2715.53 | F51: =D51*E$2 -> 10930008 | G51: =E51*E$2 -> 0
A52: A47 | C52: Unearned Revenue | D52: =SUMIF(BS!A:A,'Chart of Account (Tax Dpt)'!A52,BS!D:D) -> 0 | F52: =D52*E$2 -> 0 | G52: =E52*E$2 -> 0
A53: A48 | C53: Accruals and other current liabilities | D53: =SUMIF(BS!A:A,'Chart of Account (Tax Dpt)'!A53,BS!D:D) -> 0 | F53: =D53*E$2 -> 0 | G53: =E53*E$2 -> 0
A54: A49 | C54: Provision for charges and contigencies | D54: =SUMIF(BS!A:A,'Chart of Account (Tax Dpt)'!A54,BS!D:D) -> 0 | F54: =D54*E$2 -> 0 | G54: =E54*E$2 -> 0
A55: A50 | C55: Profit tax payable | D55: =SUMIF(BS!A:A,'Chart of Account (Tax Dpt)'!A55,BS!D:D) -> 0 | F55: =D55*E$2 -> 0 | G55: =E55*E$2 -> 0
A56: A51 | C56: Other taxes payable | D56: =SUMIF(BS!A:A,'Chart of Account (Tax Dpt)'!A56,BS!D:D) -> 2211.37 | F56: =D56*E$2 -> 8900764.2 | G56: =E56*E$2 -> 0
A57: A52 | C57: Differences arising from currency translation in liabilities | D57: =SUMIF(BS!A:A,'Chart of Account (Tax Dpt)'!A57,BS!D:D) -> 0 | F57: =D57*E$2 -> 0 | G57: =E57*E$2 -> 0
A59: B0 | B59: Operating revenue [B0=Sum(B1:B3)] | E59: =SUM(E60:E62) -> 0 | F59: =D59*E$2 -> 0 | G59: =E59*E$2 -> 0
A60: B01 | C60: Sales of manufactured products | E60: =SUMIF('P&L'!A:A,'Chart of Account (Tax Dpt)'!A60,'P&L'!D:D) -> 0 | F60: =D60*E$2 -> 0 | G60: =E60*E$2 -> 0
A61: B02 | C61: Sales of goods | E61: =SUMIF('P&L'!A:A,'Chart of Account (Tax Dpt)'!A61,'P&L'!D:D) -> 0 | F61: =D61*E$2 -> 0 | G61: =E61*E$2 -> 0
A62: B03 | C62: Sales/Supply of services | E62: =SUMIF('P&L'!A:A,'Chart of Account (Tax Dpt)'!A62,'P&L'!D:D) -> 0 | F62: =D62*E$2 -> 0 | G62: =E62*E$2 -> 0
A63: B04 | C63: Cost of products sold of production enterprises (TOP 01/V) | E63: =SUMIF('P&L'!A:A,'Chart of Account (Tax Dpt)'!A63,'P&L'!D:D) -> 0 | F63: =D63*E$2 -> 0 | G63: =E63*E$2 -> 0
A64: B05 | C64: Cost of goods sold of non- production enterprises (TOP 01/ VI) | E64: =SUMIF('P&L'!A:A,'Chart of Account (Tax Dpt)'!A64,'P&L'!D:D) -> 0 | F64: =D64*E$2 -> 0 | G64: =E64*E$2 -> 0
A65: B06 | C65: Costs of services supplied | E65: =SUMIF('P&L'!A:A,'Chart of Account (Tax Dpt)'!A65,'P&L'!D:D) -> 0 | F65: =D65*E$2 -> 0 | G65: =E65*E$2 -> 0
A66: B07 | B66: Gross profit (B7=B0-B4-B5-B6) | E66: =E59-E63-E64-E65 -> 0 | F66: =D66*E$2 -> 0 | G66: =E66*E$2 -> 0
A67: B08 | B67: Other Subsidy revenue [B8=Sum(B8:B11)] | E67: =SUM(E68:E70) -> 0 | F67: =D67*E$2 -> 0 | G67: =E67*E$2 -> 0
A68: B09 | C68: Other renting revenue or receivable | E68: =SUMIF('P&L'!A:A,'Chart of Account (Tax Dpt)'!A68,'P&L'!D:D) -> 0 | F68: =D68*E$2 -> 0 | G68: =E68*E$2 -> 0
A69: B10 | C69: Revenue from Royalty or Receivable | E69: =SUMIF('P&L'!A:A,'Chart of Account (Tax Dpt)'!A69,'P&L'!D:D) -> 0 | F69: =D69*E$2 -> 0 | G69: =E69*E$2 -> 0
A70: B11 | C70: Other subsidy revenues | E70: =SUMIF('P&L'!A:A,'Chart of Account (Tax Dpt)'!A70,'P&L'!D:D) -> 0 | F70: =D70*E$2 -> 0 | G70: =E70*E$2 -> 0
A71: B12 | B71: Other Revenue (B12= Sum(B13:B21)) | E71: =SUM(E72:E80) -> 245400.68 | F71: =D71*E$2 -> 0 | G71: =SUM(G72:G80) -> 987737737
A72: B13 | C72: Grant | E72: =SUMIF('P&L'!A:A,'Chart of Account (Tax Dpt)'!A72,'P&L'!D:D) -> 245314 | F72: =D72*E$2 -> 0 | G72: =E72*E$2 -> 987388850
A73: B14 | C73: Dividend received or receivable | E73: =SUMIF('P&L'!A:A,'Chart of Account (Tax Dpt)'!A73,'P&L'!D:D) -> 0 | F73: =D73*E$2 -> 0 | G73: =E73*E$2 -> 0
A74: B15 | C74: Interest received or receivable | E74: =SUMIF('P&L'!A:A,'Chart of Account (Tax Dpt)'!A74,'P&L'!D:D) -> 86.68 | F74: =D74*E$2 -> 0 | G74: =E74*E$2 -> 348887
A75: B16 | C75: Gain on selling fixed assets | E75: =SUMIF('P&L'!A:A,'Chart of Account (Tax Dpt)'!A75,'P&L'!D:D) -> 0 | F75: =D75*E$2 -> 0 | G75: =E75*E$2 -> 0
A76: B17 | C76: Revenue from seling bond | E76: =SUMIF('P&L'!A:A,'Chart of Account (Tax Dpt)'!A76,'P&L'!D:D) -> 0 | F76: =D76*E$2 -> 0 | G76: =E76*E$2 -> 0
A77: B18 | C77: Share of profit from joint venture | E77: =SUMIF('P&L'!A:A,'Chart of Account (Tax Dpt)'!A77,'P&L'!D:D) -> 0 | F77: =D77*E$2 -> 0 | G77: =E77*E$2 -> 0
A78: B19 | C78: Realised exchange gain | E78: =SUMIF('P&L'!A:A,'Chart of Account (Tax Dpt)'!A78,'P&L'!D:D) -> 0 | F78: =D78*E$2 -> 0 | G78: =E78*E$2 -> 0
A79: B20 | C79: Unrealised exchange gain | E79: =SUMIF('P&L'!A:A,'Chart of Account (Tax Dpt)'!A79,'P&L'!D:D) -> 0 | F79: =D79*E$2 -> 0 | G79: =E79*E$2 -> 0
A80: B21 | C80: Other revenues | E80: =SUMIF('P&L'!A:A,'Chart of Account (Tax Dpt)'!A80,'P&L'!D:D) -> 0 | F80: =D80*E$2 -> 0 | G80: =E80*E$2 -> 0
A81: B22 | B81: Operating expenses [B22=Sum(B23:B41)] | E81: =SUM(E82:E100) -> 266302.77 | F81: =D81*E$2 -> 0 | G81: =E81*E$2 -> 1.0718686e+09
A82: B23 | C82: Salaries expenses | E82: =SUMIF('P&L'!A:A,'Chart of Account (Tax Dpt)'!A82,'P&L'!D:D) -> 195236.27 | F82: =D82*E$2 -> 0 | G82: =E82*E$2 -> 7.8582599e+08
A83: B24 | C83: Fuel, electricity and water expenses | E83: =SUMIF('P&L'!A:A,'Chart of Account (Tax Dpt)'!A83,'P&L'!D:D) -> 1568.55 | F83: =D83*E$2 -> 0 | G83: =E83*E$2 -> 6313413.8
A84: B25 | C84: Travelling and accommodation expenses | E84: =SUMIF('P&L'!A:A,'Chart of Account (Tax Dpt)'!A84,'P&L'!D:D) -> 7220.29 | F84: =D84*E$2 -> 0 | G84: =E84*E$2 -> 29061667
A85: B26 | C85: Transportation expenses | E85: =SUMIF('P&L'!A:A,'Chart of Account (Tax Dpt)'!A85,'P&L'!D:D) -> 0 | F85: =D85*E$2 -> 0 | G85: =E85*E$2 -> 0
A86: B27 | C86: Rental expenses | E86: =SUMIF('P&L'!A:A,'Chart of Account (Tax Dpt)'!A86,'P&L'!D:D) -> 11580 | F86: =D86*E$2 -> 0 | G86: =E86*E$2 -> 46609500
A87: B28 | C87: Repair and maintenance expenses | E87: =SUMIF('P&L'!A:A,'Chart of Account (Tax Dpt)'!A87,'P&L'!D:D) -> 0 | F87: =D87*E$2 -> 0 | G87: =E87*E$2 -> 0
A88: B29 | C88: Entertainment expenses | E88: =SUMIF('P&L'!A:A,'Chart of Account (Tax Dpt)'!A88,'P&L'!D:D) -> 0 | F88: =D88*E$2 -> 0 | G88: =E88*E$2 -> 0
A89: B30 | C89: Commission, advertising, and selling expenses | E89: =SUMIF('P&L'!A:A,'Chart of Account (Tax Dpt)'!A89,'P&L'!D:D) -> 0 | F89: =D89*E$2 -> 0 | G89: =E89*E$2 -> 0
A90: B31 | C90: Other taxes expenses | E90: =SUMIF('P&L'!A:A,'Chart of Account (Tax Dpt)'!A90,'P&L'!D:D) -> 18530.73 | F90: =D90*E$2 -> 0 | G90: =E90*E$2 -> 74586188
A91: B32 | C91: Donation expenses | E91: =SUMIF('P&L'!A:A,'Chart of Account (Tax Dpt)'!A91,'P&L'!D:D) -> 14776.1 | F91: =D91*E$2 -> 0 | G91: =E91*E$2 -> 59473802
A92: B33 | C92: Management, consultant, other technical, and other similar services expenses | E92: =SUMIF('P&L'!A:A,'Chart of Account (Tax Dpt)'!A92,'P&L'!D:D) -> 10285.29 | F92: =D92*E$2 -> 0 | G92: =E92*E$2 -> 41398292
A93: B34 | C93: Royalty expenses | E93: =SUMIF('P&L'!A:A,'Chart of Account (Tax Dpt)'!A93,'P&L'!D:D) -> 0 | F93: =D93*E$2 -> 0 | G93: =E93*E$2 -> 0
... A100: B41 | C100: Other expenses | E100: =SUMIF('P&L'!A:A,'Chart of Account (Tax Dpt)'!A100,'P&L'!D:D) -> 7105.54 | F100: =D100*E$2 -> 0 | G100: =E100*E$2 -> 28599798
A101: B42 | B101: Profit/(loss) from operations (B42=B7+B8+B12-B22) | E101: =E66+E67+E71-E81 -> -20902.09 | F101: =D101*E$2 -> 0 | G101: =E101*E$2 -> -84130912
A102: B43 | C102: Interest expenses paid to residents | E102: =SUMIF('P&L'!A:A,'Chart of Account (Tax Dpt)'!A102,'P&L'!D:D) -> 0 | F102: =D102*E$2 -> 0 | G102: =E102*E$2 -> 0
A103: B44 | C103: Interest expenses paid to non- residents | E103: =SUMIF('P&L'!A:A,'Chart of Account (Tax Dpt)'!A103,'P&L'!D:D) -> 0 | F103: =D103*E$2 -> 0 | G103: =E103*E$2 -> 0
A104: B45 | C104: Interest provision expenses | E104: =SUMIF('P&L'!A:A,'Chart of Account (Tax Dpt)'!A104,'P&L'!D:D) -> 0 | F104: =D104*E$2 -> 0
A105: B46 | B105: Profit before tax [B46=(B42-B43-B44-B45)] | E105: =E101-E102-E103-E104 -> -20902.09 | F105: =D105*E$2 -> 0 | G105: =E105*E$2 -> -84130912
A106: B47 | C106: Profit tax | E106: 0 | F106: =D106*E$2 -> 0 | G106: =E106*E$2 -> 0
A107: B48 | B107: Net profit after tax ( B48=B46-B47) | E107: =E105+E106 -> -20902.09 | F107: =D107*E$2 -> 0 | G107: =E107*E$2 -> -84130912

Sheet Sheet1
A1: STAFF SALARY FOR THE MONTH OF DECEMBER 2018
A2: Month: | B2: 43458
A3: Rate: | B3: 4020 | C3: Riels per US$
I5: 12 | Q5: Exchange rate: | R5: 4000 | W5: Number of | Z5: Untax amount | AA5: Taxable | AB5: Tax | AC5: Salary Add/less | AE5: Tax on | AF5: Tax on | AK5: Source of Fund
A7: No | B7: Staff | C7: Job | D7: Net Salary | E7: Seniority | F7: Cola | G7: Bonus | H7: Medical | I7: Gross Salary Before | U7: Gross Salary | V7: Salary | W7: Dependents | Z7: of Dependent | AA7: Amount | AB7: Rate | AC7: in Dollars | AE7: Salary | AF7: Salary
B8: Name | C8: Title | D8: Medical | E8: staff | F8: 2018 | G8: Apr-Dec'18 | H8: Dec'18 | I8: Medical,Cola,Bonus | J8: Annual salary | K8: Provident fund | L8: Bonus | M8: NSSF | N8: Medical | O8: Cola | P8: Senirity | Q8: Total benefit | R8: Total Salary & Benefits (USD) | S8: Total Salary & Benefits (KH) | U8: and Medical,Cola,Bonus | V8: in Riel | W8: Child | X8: Spouse | Y8: Total | Z8: in Riel | AA8: in Riel | AC8: Seperation | AD8: Advance | AE8: in Riel | AF8: in USD | AJ8: Dec/25/2010
A9: 1 | B9: Soeung Saroeun | C9: Executive Director | D9: =SUM(F9+G9+H9+I9+AC9+E9-AD9-AF9) -> 18919.186 | E9: 13458.24 | F9: 250 | G9: 2667 | H9: =12.5 -> 12.5 | I9: 3480 | J9: =I9*I$5 -> 41760 | K9: =J9*10% -> 4176 | L9: =J9/12 -> 3480 | M9: 232 | N9: 150 | O9: 250 | P9: 13458.24 | Q9: =SUM(K9:O9) -> 8288 | R9: =J9+Q9 -> 50048 | S9: =R9*R$5 -> 200192000 | U9: =SUM(F9+G9+H9+I9) -> 6409.5 | V9: =(I9+F9+G9)*$B$3 -> 25715940 | W9: 3 | X9: 1 | Y9: =W9+X9 -> 4 | Z9: =(W9+X9)*150000 -> 600000 | AA9: =V9-Z9 -> 25115940 | AB9: =IF(AA9<=1200000,"0%",IF(AA9<=2000000,"5%",IF(AA9<=8500000,"10%",IF(AA9<=12500000,"15%",IF(AA9>12500000,"20%"))))) -> 20% | AE9: =IF(IF(AA9<=120000,0,IF(AA9<=2000000,(AA9*5%-60000),IF(AA9<=8500000,(AA9*10%-160000),IF(AA9<=12500000,(AA9*15%-585000),IF(AA9>12500000,((AA9*20%-1210000)))))))<0,0,IF(AA9<=120000,0,IF(AA9<=2000000,(AA9*5%-60000),IF(AA9<=8500000,(AA9*10%-160000),IF(AA9<=12500000,(AA9*15%-585000),IF(AA9>12500000,((AA9*20%-1210000)))))))) -> 3813188 | AF9: =AE9/$B$3 -> 948.55423 | AM9: 369.21867 | AN9: =U9-AM9 -> 6040.2813
A10: 2 | B10: El Sotheary | C10: Head of Program | D10: =SUM(F10+G10+H10+I10+AC10+E10-AD10-AF10) -> 8813.8431 | E10: 5682.36 | F10: 250 | G10: 1390.5 | H10: 12.5 | I10: 1854 | J10: =I10*I$5 -> 22248 | K10: =J10*10% -> 2224.8 | L10: =J10/12 -> 1854 | M10: 232 | N10: 150 | O10: 250 | P10: 5682.36 | Q10: =SUM(K10:O10) -> 4710.8 | R10: =J10+Q10 -> 26958.8 | S10: =R10*R$5 -> 107835200 | U10: =SUM(F10+G10+H10+I10) -> 3507 | V10: =(I10+F10+G10)*$B$3 -> 14047890 | W10: 2 | X10: 1 | Y10: =W10+X10 -> 3 | Z10: =(W10+X10)*150000 -> 450000 | AA10: =V10-Z10 -> 13597890 | AB10: =IF(AA10<=1200000,"0%",IF(AA10<=2000000,"5%",IF(AA10<=8500000,"10%",IF(AA10<=12500000,"15%",IF(AA10>12500000,"20%"))))) -> 20% | AE10: =IF(IF(AA10<=120000,0,IF(AA10<=2000000,(AA10*5%-60000),IF(AA10<=8500000,(AA10*10%-160000),IF(AA10<=12500000,(AA10*15%-585000),IF(AA10>12500000,((AA10*20%-1210000)))))))<0,0,IF(AA10<=120000,0,IF(AA10<=2000000,(AA10*5%-60000),IF(AA10<=8500000,(AA10*10%-160000),IF(AA10<=12500000,(AA10*15%-585000),IF(AA10>12500000,((AA10*20%-1210000)))))))) -> 1509578 | AF10: =AE10/$B$3 -> 375.51692 | AM10: 135.03145 | AN10: =U10-AM10 -> 3371.9686
A11: 3 | B11: Soeung Satya | C11: Human Resource Specialist | D11: =SUM(F11+G11+H11+I11+AC11+E11-AD11-AF11) -> 5827.995 | E11: 4021.2 | F11: 250 | G11: 723 | H11: 12.5 | I11: 964 | J11: =I11*I$5 -> 11568 | K11: =J11*10% -> 1156.8 | L11: =J11/12 -> 964 | M11: 232 | N11: 150 | O11: 250 | P11: 4021.2 | Q11: =SUM(K11:O11) -> 2752.8 | R11: =J11+Q11 -> 14320.8 | S11: =R11*R$5 -> 57283200 | U11: =SUM(F11+G11+H11+I11) -> 1949.5 | V11: =(I11+F11+G11)*$B$3 -> 7786740 | W11: 2 | X11: 1 | Y11: =W11+X11 -> 3 | Z11: =(W11+X11)*150000 -> 450000 | AA11: =V11-Z11 -> 7336740 | AB11: =IF(AA11<=1200000,"0%",IF(AA11<=2000000,"5%",IF(AA11<=8500000,"10%",IF(AA11<=12500000,"15%",IF(AA11>12500000,"20%"))))) -> 10% | AE11: =IF(IF(AA11<=120000,0,IF(AA11<=2000000,(AA11*5%-60000),IF(AA11<=8500000,(AA11*10%-160000),IF(AA11<=12500000,(AA11*15%-585000),IF(AA11>12500000,((AA11*20%-1210000)))))))<0,0,IF(AA11<=120000,0,IF(AA11<=2000000,(AA11*5%-60000),IF(AA11<=8500000,(AA11*10%-160000),IF(AA11<=12500000,(AA11*15%-585000),IF(AA11>12500000,((AA11*20%-1210000)))))))) -> 573674 | AF11: =AE11/$B$3 -> 142.70498 | AM11: 46.03145 | AN11: =U11-AM11 -> 1903.4686
A12: 4 | B12: Khorn Bunthong | C12: Head of Operations | D12: =SUM(F12+G12+H12+I12+AC12+E12-AD12-AF12) -> 7466.4459 | E12: 4772.02 | F12: 250 | G12: 1163.25 | H12: 12.5 | I12: 1551 | J12: =I12*I$5 -> 18612 | K12: =J12*10% -> 1861.2 | L12: =J12/12 -> 1551 | M12: 232 | N12: 150 | O12: 250 | P12: 4772.02 | Q12: =SUM(K12:O12) -> 4044.2 | R12: =J12+Q12 -> 22656.2 | S12: =R12*R$5 -> 90624800 | U12: =SUM(F12+G12+H12+I12) -> 2976.75 | V12: =(I12+F12+G12)*$B$3 -> 11916285 | W12: 2 | X12: 1 | Y12: =W12+X12 -> 3 | Z12: =(W12+X12)*150000 -> 450000 | AA12: =V12-Z12 -> 11466285 | AB12: =IF(AA12<=1200000,"0%",IF(AA12<=2000000,"5%",IF(AA12<=8500000,"10%",IF(AA12<=12500000,"15%",IF(AA12>12500000,"20%"))))) -> 15% | AE12: =IF(IF(AA12<=120000,0,IF(AA12<=2000000,(AA12*5%-60000),IF(AA12<=8500000,(AA12*10%-160000),IF(AA12<=12500000,(AA12*15%-585000),IF(AA12>12500000,((AA12*20%-1210000)))))))<0,0,IF(AA12<=120000,0,IF(AA12<=2000000,(AA12*5%-60000),IF(AA12<=8500000,(AA12*10%-160000),IF(AA12<=12500000,(AA12*15%-585000),IF(AA12>12500000,((AA12*20%-1210000)))))))) -> 1134942.8 | AF12: =AE12/$B$3 -> 282.32407 | AM12: 104.73145 | AN12: =U12-AM12 -> 2872.0186
A13: 5 | B13: Eng Rotha | C13: Support Services Specialist | D13: =SUM(F13+G13+H13+I13+AC13+E13-AD13-AF13) -> 5529.151 | E13: 3746.15 | F13: 250 | G13: 717 | H13: 12.5 | I13: 956 | J13: =I13*I$5 -> 11472 | K13: =J13*10% -> 1147.2 | L13: =J13/12 -> 956 | M13: 232 | N13: 150 | O13: 250 | P13: 3746.15 | Q13: =SUM(K13:O13) -> 2735.2 | R13: =J13+Q13 -> 14207.2 | S13: =R13*R$5 -> 56828800 | U13: =SUM(F13+G13+H13+I13) -> 1935.5 | V13: =(I13+F13+G13)*$B$3 -> 7730460 | W13: 0 | X13: 0 | Y13: =W13+X13 -> 0 | Z13: =(W13+X13)*150000 -> 0 | AA13: =V13-Z13 -> 7730460 | AB13: =IF(AA13<=1200000,"0%",IF(AA13<=2000000,"5%",IF(AA13<=8500000,"10%",IF(AA13<=12500000,"15%",IF(AA13>12500000,"20%"))))) -> 10% | AE13: =IF(IF(AA13<=120000,0,IF(AA13<=2000000,(AA13*5%-60000),IF(AA13<=8500000,(AA13*10%-160000),IF(AA13<=12500000,(AA13*15%-585000),IF(AA13>12500000,((AA13*20%-1210000)))))))<0,0,IF(AA13<=120000,0,IF(AA13<=2000000,(AA13*5%-60000),IF(AA13<=8500000,(AA13*10%-160000),IF(AA13<=12500000,(AA13*15%-585000),IF(AA13>12500000,((AA13*20%-1210000)))))))) -> 613046 | AF13: =AE13/$B$3 -> 152.499 | AM13: 56.287961 | AN13: =U13-AM13 -> 1879.212
A14: 6 | B14: So Polin | C14: Admin Officer | D14: =SUM(F14+G14+H14+I14+AC14+E14-AD14-AF14) -> 3025.7887 | E14: 1696.8 | F14: 250 | G14: 497.25 | H14: 12.5 | I14: 663 | J14: =I14*I$5 -> 7956 | K14: =J14*10% -> 795.6 | L14: =J14/12 -> 663 | M14: 232 | N14: 150 | O14: 250 | P14: 1696.8 | Q14: =SUM(K14:O14) -> 2090.6 | R14: =J14+Q14 -> 10046.6 | S14: =R14*R$5 -> 40186400 | U14: =SUM(F14+G14+H14+I14) -> 1422.75 | V14: =(I14+F14+G14)*$B$3 -> 5669205 | W14: 1 | X14: 1 | Y14: =W14+X14 -> 2 | Z14: =(W14+X14)*150000 -> 300000 | AA14: =V14-Z14 -> 5369205 | AB14: =IF(AA14<=1200000,"0%",IF(AA14<=2000000,"5%",IF(AA14<=8500000,"10%",IF(AA14<=12500000,"15%",IF(AA14>12500000,"20%"))))) -> 10% | AE14: =IF(IF(AA14<=120000,0,IF(AA14<=2000000,(AA14*5%-60000),IF(AA14<=8500000,(AA14*10%-160000),IF(AA14<=12500000,(AA14*15%-585000),IF(AA14>12500000,((AA14*20%-1210000)))))))<0,0,IF(AA14<=120000,0,IF(AA14<=2000000,(AA14*5%-60000),IF(AA14<=8500000,(AA14*10%-160000),IF(AA14<=12500000,(AA14*15%-585000),IF(AA14>12500000,((AA14*20%-1210000)))))))) -> 376920.5 | AF14: =AE14/$B$3 -> 93.761318 | AM14: 19.616953 | AN14: =U14-AM14 -> 1403.133
A15: 7 | B15: Duong Keo | C15: Cleaner | D15: =SUM(F15+G15+H15+I15+AC15+E15-AD15-AF15) -> 1941.3673 | E15: 1327.21 | F15: 250 | G15: 206.25 | H15: 12.5 | I15: 275 | J15: =I15*I$5 -> 3300 | K15: =J15*10% -> 330 | L15: =J15/12 -> 275 | M15: 232 | N15: 150 | O15: 250 | P15: 1327.21 | Q15: =SUM(K15:O15) -> 1237 | R15: =J15+Q15 -> 4537 | S15: =R15*R$5 -> 18148000 | U15: =SUM(F15+G15+H15+I15) -> 743.75 | V15: =(I15+F15+G15)*$B$3 -> 2939625 | W15: 0 | X15: 1 | Y15: =W15+X15 -> 1 | Z15: =(W15+X15)*150000 -> 150000 | AA15: =V15-Z15 -> 2789625 | AB15: =IF(AA15<=1200000,"0%",IF(AA15<=2000000,"5%",IF(AA15<=8500000,"10%",IF(AA15<=12500000,"15%",IF(AA15>12500000,"20%"))))) -> 10% | AD15: 100 | AE15: =IF(IF(AA15<=120000,0,IF(AA15<=2000000,(AA15*5%-60000),IF(AA15<=8500000,(AA15*10%-160000),IF(AA15<=12500000,(AA15*15%-585000),IF(AA15>12500000,((AA15*20%-1210000)))))))<0,0,IF(AA15<=120000,0,IF(AA15<=2000000,(AA15*5%-60000),IF(AA15<=8500000,(AA15*10%-160000),IF(AA15<=12500000,(AA15*15%-585000),IF(AA15>12500000,((AA15*20%-1210000)))))))) -> 118962.5 | AF15: =AE15/$B$3 -> 29.592662 | AM15: 0 | AN15: =U15-AM15 -> 743.75
A16: 8 | B16: Pen Hoeung | C16: Cleaner | D16: =SUM(F16+G16+H16+I16+AC16+E16-AD16-AF16) -> 2040.311 | E16: 1328.31 | F16: 250 | G16: 207 | H16: 12.5 | I16: 276 | J16: =I16*I$5 -> 3312 | K16: =J16*10% -> 331.2 | L16: =J16/12 -> 276 | M16: 232 | N16: 150 | O16: 250 | P16: 1328.31 | Q16: =SUM(K16:O16) -> 1239.2 | R16: =J16+Q16 -> 4551.2 | S16: =R16*R$5 -> 18204800 | U16: =SUM(F16+G16+H16+I16) -> 745.5 | V16: =(I16+F16+G16)*$B$3 -> 2946660 | W16: 0 | X16: 0 | Y16: =W16+X16 -> 0 | Z16: =(W16+X16)*150000 -> 0 | AA16: =V16-Z16 -> 2946660 | AB16: =IF(AA16<=1200000,"0%",IF(AA16<=2000000,"5%",IF(AA16<=8500000,"10%",IF(AA16<=12500000,"15%",IF(AA16>12500000,"20%"))))) -> 10% | AE16: =IF(IF(AA16<=120000,0,IF(AA16<=2000000,(AA16*5%-60000),IF(AA16<=8500000,(AA16*10%-160000),IF(AA16<=12500000,(AA16*15%-585000),IF(AA16>12500000,((AA16*20%-1210000)))))))<0,0,IF(AA16<=120000,0,IF(AA16<=2000000,(AA16*5%-60000),IF(AA16<=8500000,(AA16*10%-160000),IF(AA16<=12500000,(AA16*15%-585000),IF(AA16>12500000,((AA16*20%-1210000)))))))) -> 134666 | AF16: =AE16/$B$3 -> 33.499005 | AM16: 0 | AN16: =U16-AM16 -> 745.5
A17: 9 | B17: Soy Bora | C17: Driver/Messenger | D17: =SUM(F17+G17+H17+I17+AC17+E17-AD17-AF17) -> 1086.641 | E17: 336.84 | F17: 250 | G17: 225 | H17: 12.5 | I17: =300 -> 300 | J17: =I17*I$5 -> 3600 | K17: =J17*10% -> 360 | L17: =J17/12 -> 300 | M17: 232 | N17: 150 | O17: 250 | P17: 336.84 | Q17: =SUM(K17:O17) -> 1292 | R17: =J17+Q17 -> 4892 | S17: =R17*R$5 -> 19568000 | U17: =SUM(F17+G17+H17+I17) -> 787.5 | V17: =(I17+F17+G17)*$B$3 -> 3115500 | W17: 0 | X17: 0 | Y17: =W17+X17 -> 0 | Z17: =(W17+X17)*150000 -> 0 | AA17: =V17-Z17 -> 3115500 | AB17: =IF(AA17<=1200000,"0%",IF(AA17<=2000000,"5%",IF(AA17<=8500000,"10%",IF(AA17<=12500000,"15%",IF(AA17>12500000,"20%"))))) -> 10% | AE17: =IF(IF(AA17<=120000,0,IF(AA17<=2000000,(AA17*5%-60000),IF(AA17<=8500000,(AA17*10%-160000),IF(AA17<=12500000,(AA17*15%-585000),IF(AA17>12500000,((AA17*20%-1210000)))))))<0,0,IF(AA17<=120000,0,IF(AA17<=2000000,(AA17*5%-60000),IF(AA17<=8500000,(AA17*10%-160000),IF(AA17<=12500000,(AA17*15%-585000),IF(AA17>12500000,((AA17*20%-1210000)))))))) -> 151550 | AF17: =AE17/$B$3 -> 37.699005 | AJ17: 3.58 | AK17: Core | AL17: 0.87 | AM17: 0.25798526 | AN17: =U17-AM17 -> 787.24201
A18: 10 | B18: Om Nareth | C18: Finance Specialist | D18: =SUM(F18+G18+H18+I18+AC18+E18-AD18-AF18) -> 3239.9623 | E18: 1528.83 | F18: 250 | G18: 681 | H18: 12.5 | I18: 908 | J18: =I18*I$5 -> 10896 | K18: =J18*10% -> 1089.6 | L18: =J18/12 -> 908 | M18: 232 | N18: 150 | O18: 250 | P18: 1528.83 | Q18: =SUM(K18:O18) -> 2629.6 | R18: =J18+Q18 -> 13525.6 | S18: =R18*R$5 -> 54102400 | U18: =SUM(F18+G18+H18+I18) -> 1851.5 | V18: =(I18+F18+G18)*$B$3 -> 7392780 | W18: 0 | X18: 1 | Y18: =W18+X18 -> 1 | Z18: =(W18+X18)*150000 -> 150000 | AA18: =V18-Z18 -> 7242780 | AB18: =IF(AA18<=1200000,"0%",IF(AA18<=2000000,"5%",IF(AA18<=8500000,"10%",IF(AA18<=12500000,"15%",IF(AA18>12500000,"20%"))))) -> 10% | AE18: =IF(IF(AA18<=120000,0,IF(AA18<=2000000,(AA18*5%-60000),IF(AA18<=8500000,(AA18*10%-160000),IF(AA18<=12500000,(AA18*15%-585000),IF(AA18>12500000,((AA18*20%-1210000)))))))<0,0,IF(AA18<=120000,0,IF(AA18<=2000000,(AA18*5%-60000),IF(AA18<=8500000,(AA18*10%-160000),IF(AA18<=12500000,(AA18*15%-585000),IF(AA18>12500000,((AA18*20%-1210000)))))))) -> 564278 | AF18: =AE18/$B$3 -> 140.36766 | AM18: 47.802457 | AN18: =U18-AM18 -> 1803.6975
A19: 11 | B19: Om Sitha | C19: Finance Officer | D19: =SUM(F19+G19+H19+I19+AC19+E19-AD19-AF19) -> 2630.155 | E19: 1254.91 | F19: 250 | G19: 517.5 | H19: 12.5 | I19: 690 | J19: =I19*I$5 -> 8280 | K19: =J19*10% -> 828 | L19: =J19/12 -> 690 | M19: 232 | N19: 150 | O19: 250 | P19: 1254.91 | Q19: =SUM(K19:O19) -> 2150 | R19: =J19+Q19 -> 10430 | S19: =R19*R$5 -> 41720000 | U19: =SUM(F19+G19+H19+I19) -> 1470 | V19: =(I19+F19+G19)*$B$3 -> 5859150 | W19: 2 | X19: 1 | Y19: =W19+X19 -> 3 | Z19: =(W19+X19)*150000 -> 450000 | AA19: =V19-Z19 -> 5409150 | AB19: =IF(AA19<=1200000,"0%",IF(AA19<=2000000,"5%",IF(AA19<=8500000,"10%",IF(AA19<=12500000,"15%",IF(AA19>12500000,"20%"))))) -> 10% | AE19: =IF(IF(AA19<=120000,0,IF(AA19<=2000000,(AA19*5%-60000),IF(AA19<=8500000,(AA19*10%-160000),IF(AA19<=12500000,(AA19*15%-585000),IF(AA19>12500000,((AA19*20%-1210000)))))))<0,0,IF(AA19<=120000,0,IF(AA19<=2000000,(AA19*5%-60000),IF(AA19<=8500000,(AA19*10%-160000),IF(AA19<=12500000,(AA19*15%-585000),IF(AA19>12500000,((AA19*20%-1210000)))))))) -> 380915 | AF19: =AE19/$B$3 -> 94.754975 | AM19: 18.63145 | AN19: =U19-AM19 -> 1451.3686
A20: 12 | B20: Dim Bora | C20: Finance Assistant | D20: =SUM(F20+G20+H20+I20+AC20+E20-AD20-AF20) -> 1611.4 | E20: 732.28 | F20: 250 | G20: 281.25 | H20: 12.5 | I20: =375 -> 375 | J20: =I20*I$5 -> 4500 | K20: =J20*10% -> 450 | L20: =J20/12 -> 375 | M20: 232 | N20: 150 | O20: 250 | P20: 732.28 | Q20: =SUM(K20:O20) -> 1457 | R20: =J20+Q20 -> 5957 | S20: =R20*R$5 -> 23828000 | U20: =SUM(F20+G20+H20+I20) -> 918.75 | V20: =(I20+F20+G20)*$B$3 -> 3643125 | W20: 2 | X20: 1 | Y20: =W20+X20 -> 3 | Z20: =(W20+X20)*150000 -> 450000 | AA20: =V20-Z20 -> 3193125 | AB20: =IF(AA20<=1200000,"0%",IF(AA20<=2000000,"5%",IF(AA20<=8500000,"10%",IF(AA20<=12500000,"15%",IF(AA20>12500000,"20%"))))) -> 10% | AE20: =IF(IF(AA20<=120000,0,IF(AA20<=2000000,(AA20*5%-60000),IF(AA20<=8500000,(AA20*10%-160000),IF(AA20<=12500000,(AA20*15%-585000),IF(AA20>12500000,((AA20*20%-1210000)))))))<0,0,IF(AA20<=120000,0,IF(AA20<=2000000,(AA20*5%-60000),IF(AA20<=8500000,(AA20*10%-160000),IF(AA20<=12500000,(AA20*15%-585000),IF(AA20>12500000,((AA20*20%-1210000)))))))) -> 159312.5 | AF20: =AE20/$B$3 -> 39.629975 | AM20: 0 | AN20: =U20-AM20 -> 918.75
B21: Sub-Total | D21: =ROUND(SUM(D9:D20),2)+0.01 -> 62132.26 | E21: =ROUND(SUM(E9:E20),2) -> 39885.15 | F21: =ROUND(SUM(F9:F20),2) -> 3000 | G21: =ROUND(SUM(G9:G20),2) -> 9276 | H21: =SUM(H9:H20) -> 150 | I21: =SUM(I9:I20) -> 12292 | J21: =SUM(J9:J20) -> 147504 | K21: =SUM(K9:K20) -> 14750.4 | L21: =SUM(L9:L20) -> 12292 | M21: =SUM(M9:M20) -> 2784 | N21: =SUM(N9:N20) -> 1800 | O21: =SUM(O9:O20) -> 3000 | ... S21: =SUM(S9:S20) -> 728521600 | U21: =ROUND(SUM(U9:U20),2) -> 24718 | V21: =ROUND(SUM(V9:V20),2) -> 98763360 | W21: =SUM(W9:W20) -> 14 | X21: =SUM(X9:X20) -> 9 | Y21: =SUM(Y9:Y20) -> 23 | Z21: =SUM(Z9:Z20) -> 3450000 | AA21: =SUM(AA9:AA20) -> 95313360 | AB21: =SUM(AB9:AB20) -> 0 | AC21: =SUM(AC9:AC20) -> 0 | AD21: =SUM(AD9:AD20) -> 100 | AE21: =SUM(AE9:AE20)+1 -> 9531034.2 | AF21: =SUM(AF9:AF20)-0.01 -> 2370.8938 | AJ21: 25.23 | AK21: Core | AL21: 32.89 | AM21: =SUM(AM9:AM20) -> 797.60983 | AN21: =U21-AM21 -> 23920.39 | AO21: =SUM(AN9:AN20) -> 23920.39
A22: 1 | B22: Chan Pheakdey | C22: GPP Manager | D22: =SUM(F22+G22+H22+I22+AC22+E22-AD22-AF22) -> 4283.725 | E22: 2323.48 | F22: 250 | G22: 787.5 | H22: 12.5 | I22: 1070 | J22: =I22*I$5 -> 12840 | K22: =J22*10% -> 1284 | L22: =J22/12 -> 1070 | M22: 232 | N22: 150 | O22: 250 | P22: 2323.48 | Q22: =SUM(K22:O22) -> 2986 | R22: =J22+Q22 -> 15826 | S22: =R22*R$5 -> 63304000 | U22: =SUM(F22+G22+H22+I22) -> 2120 | V22: =(I22+F22+G22)*$B$3 -> 8472150 | W22: 2 | X22: 1 | Y22: =W22+X22 -> 3 | Z22: =(W22+X22)*150000 -> 450000 | AA22: =V22-Z22 -> 8022150 | AB22: =IF(AA22<=1200000,"0%",IF(AA22<=2000000,"5%",IF(AA22<=8500000,"10%",IF(AA22<=12500000,"15%",IF(AA22>12500000,"20%"))))) -> 10% | AE22: =IF(IF(AA22<=120000,0,IF(AA22<=2000000,(AA22*5%-60000),IF(AA22<=8500000,(AA22*10%-160000),IF(AA22<=12500000,(AA22*15%-585000),IF(AA22>12500000,((AA22*20%-1210000)))))))<0,0,IF(AA22<=120000,0,IF(AA22<=2000000,(AA22*5%-60000),IF(AA22<=8500000,(AA22*10%-160000),IF(AA22<=12500000,(AA22*15%-585000),IF(AA22>12500000,((AA22*20%-1210000)))))))) -> 642215 | AF22: =AE22/$B$3 -> 159.75498 | AM22: 56.46 | AN22: =U22-AM22 -> 2063.54
A23: 2 | B23: Chea Vibol | C23: GPP Specialist | D23: =SUM(F23+G23+H23+I23+AC23+E23-AD23-AF23) -> 4330.285 | E23: 2640.04 | F23: 250 | G23: 667.5 | H23: 12.5 | I23: 890 | J23: =I23*I$5 -> 10680 | K23: =J23*10% -> 1068 | L23: =J23/12 -> 890 | M23: 232 | N23: 150 | O23: 250 | P23: 2640.04 | Q23: =SUM(K23:O23) -> 2590 | R23: =J23+Q23 -> 13270 | S23: =R23*R$5 -> 53080000 | U23: =SUM(F23+G23+H23+I23) -> 1820 | V23: =(I23+F23+G23)*$B$3 -> 7266150 | W23: 2 | X23: 1 | Y23: =W23+X23 -> 3 | Z23: =(W23+X23)*150000 -> 450000 | AA23: =V23-Z23 -> 6816150 | AB23: =IF(AA23<=1200000,"0%",IF(AA23<=2000000,"5%",IF(AA23<=8500000,"10%",IF(AA23<=12500000,"15%",IF(AA23>12500000,"20%"))))) -> 10% | AE23: =IF(IF(AA23<=120000,0,IF(AA23<=2000000,(AA23*5%-60000),IF(AA23<=8500000,(AA23*10%-160000),IF(AA23<=12500000,(AA23*15%-585000),IF(AA23>12500000,((AA23*20%-1210000)))))))<0,0,IF(AA23<=120000,0,IF(AA23<=2000000,(AA23*5%-60000),IF(AA23<=8500000,(AA23*10%-160000),IF(AA23<=12500000,(AA23*15%-585000),IF(AA23>12500000,((AA23*20%-1210000)))))))) -> 521615 | AF23: =AE23/$B$3 -> 129.75498 | AM23: 38.46 | AN23: =U23-AM23 -> 1781.54
A24: 3 | B24: Tou Chandara | C24: GPP Specialist | D24: =SUM(F24+G24+H24+I24+AC24+E24-AD24-AF24) -> 2977.5323 | E24: 1411.3 | F24: 250 | G24: 612 | H24: 12.5 | I24: 816 | J24: =I24*I$5 -> 9792 | K24: =J24*10% -> 979.2 | L24: =J24/12 -> 816 | M24: 232 | N24: 150 | O24: 250 | P24: 1411.3 | Q24: =SUM(K24:O24) -> 2427.2 | R24: =J24+Q24 -> 12219.2 | S24: =R24*R$5 -> 48876800 | U24: =SUM(F24+G24+H24+I24) -> 1690.5 | V24: =(I24+F24+G24)*$B$3 -> 6745560 | W24: 0 | X24: 1 | Y24: =W24+X24 -> 1 | Z24: =(W24+X24)*150000 -> 150000 | AA24: =V24-Z24 -> 6595560 | AB24: =IF(AA24<=1200000,"0%",IF(AA24<=2000000,"5%",IF(AA24<=8500000,"10%",IF(AA24<=12500000,"15%",IF(AA24>12500000,"20%"))))) -> 10% | AE24: =IF(IF(AA24<=120000,0,IF(AA24<=2000000,(AA24*5%-60000),IF(AA24<=8500000,(AA24*10%-160000),IF(AA24<=12500000,(AA24*15%-585000),IF(AA24>12500000,((AA24*20%-1210000)))))))<0,0,IF(AA24<=120000,0,IF(AA24<=2000000,(AA24*5%-60000),IF(AA24<=8500000,(AA24*10%-160000),IF(AA24<=12500000,(AA24*15%-585000),IF(AA24>12500000,((AA24*20%-1210000)))))))) -> 499556 | AF24: =AE24/$B$3 -> 124.26766 | AM24: 38.45 | AN24: =U24-AM24 -> 1652.05
A25: 4 | B25: Pheng Chandy | C25: GPP Specialist | D25: =SUM(F25+G25+H25+I25+AC25+E25-AD25-AF25) -> 988.53668 | F25: 39.79 | G25: 136.18 | H25: 12.5 | I25: 856 | J25: =I25*I$5 -> 10272 | K25: =J25*10% -> 1027.2 | L25: =J25/12 -> 856 | M25: 232 | N25: 150 | O25: 250 | Q25: =SUM(K25:O25) -> 2515.2 | R25: =J25+Q25 -> 12787.2 | S25: =R25*R$5 -> 51148800 | U25: =SUM(F25+G25+H25+I25) -> 1044.47 | V25: =(I25+F25+G25)*$B$3 -> 4148519.4 | W25: 1 | X25: 1 | Y25: =W25+X25 -> 2 | Z25: =(W25+X25)*150000 -> 300000 | AA25: =V25-Z25 -> 3848519.4 | AB25: =IF(AA25<=1200000,"0%",IF(AA25<=2000000,"5%",IF(AA25<=8500000,"10%",IF(AA25<=12500000,"15%",IF(AA25>12500000,"20%"))))) -> 10% | AE25: =IF(IF(AA25<=120000,0,IF(AA25<=2000000,(AA25*5%-60000),IF(AA25<=8500000,(AA25*10%-160000),IF(AA25<=12500000,(AA25*15%-585000),IF(AA25>12500000,((AA25*20%-1210000)))))))<0,0,IF(AA25<=120000,0,IF(AA25<=2000000,(AA25*5%-60000),IF(AA25<=8500000,(AA25*10%-160000),IF(AA25<=12500000,(AA25*15%-585000),IF(AA25>12500000,((AA25*20%-1210000)))))))) -> 224851.94 | AF25: =AE25/$B$3 -> 55.933318
A26: 5 | B26: Kim Sereyneath | C26: GPP Assistant | D26: =SUM(F26+G26+H26+I26+AC26+E26-AD26-AF26) -> 607.3205 | F26: 143.95833 | G26: 172.73 | H26: 12.5 | I26: 300 | J26: =I26*I$5 -> 3600 | K26: =J26*10% -> 360 | L26: =J26/12 -> 300 | M26: 232 | N26: 150 | O26: 250 | Q26: =SUM(K26:O26) -> 1292 | R26: =J26+Q26 -> 4892 | S26: =R26*R$5 -> 19568000 | U26: =SUM(F26+G26+H26+I26) -> 629.18833 | V26: =(I26+F26+G26)*$B$3 -> 2479087.1 | W26: 0 | X26: 0 | Y26: =W26+X26 -> 0 | Z26: =(W26+X26)*150000 -> 0 | AA26: =V26-Z26 -> 2479087.1 | AB26: =IF(AA26<=1200000,"0%",IF(AA26<=2000000,"5%",IF(AA26<=8500000,"10%",IF(AA26<=12500000,"15%",IF(AA26>12500000,"20%"))))) -> 10% | AE26: =IF(IF(AA26<=120000,0,IF(AA26<=2000000,(AA26*5%-60000),IF(AA26<=8500000,(AA26*10%-160000),IF(AA26<=12500000,(AA26*15%-585000),IF(AA26>12500000,((AA26*20%-1210000)))))))<0,0,IF(AA26<=120000,0,IF(AA26<=2000000,(AA26*5%-60000),IF(AA26<=8500000,(AA26*10%-160000),IF(AA26<=12500000,(AA26*15%-585000),IF(AA26>12500000,((AA26*20%-1210000)))))))) -> 87908.71 | AF26: =AE26/$B$3 -> 21.867838
B27: Sub-Total | D27: =ROUND(SUM(D22:D26),2)+0.01 -> 13187.41 | E27: =ROUND(SUM(E22:E26),2) -> 6374.82 | F27: =ROUND(SUM(F22:F26),2) -> 933.75 | G27: =ROUND(SUM(G22:G26),2) -> 2375.91 | H27: =ROUND(SUM(H22:H26),2) -> 62.5 | I27: =ROUND(SUM(I22:I26),2) -> 3932 | J27: =ROUND(SUM(J22:J26),2) -> 47184 | K27: =ROUND(SUM(K22:K26),2) -> 4718.4 | L27: =ROUND(SUM(L22:L26),2) -> 3932 | ... S27: =ROUND(SUM(S22:S26),2) -> 235977600 | U27: =ROUND(SUM(U22:U26),2) -> 7304.16 | V27: =ROUND(SUM(V22:V26),2) -> 29111466 | W27: =ROUND(SUM(W22:W26),2) -> 5 | X27: =ROUND(SUM(X22:X26),2) -> 4 | Y27: =ROUND(SUM(Y22:Y26),2) -> 9 | Z27: =ROUND(SUM(Z22:Z26),2) -> 1350000 | AA27: =ROUND(SUM(AA22:AA26),2) -> 27761466 | AB27: =ROUND(SUM(AB22:AB26),2) -> 0 | ... AE27: =ROUND(SUM(AE22:AE26),2) -> 1976146.6 | AF27: =ROUND(SUM(AF22:AF26),2)-0.01 -> 491.57 | AJ27: 1.58 | AK27: Core | AL27: 4.5 | AM27: =SUM(AM22:AM24) -> 133.37 | AN27: =U27-AM27 -> 7170.79 | AO27: =SUM(AN22:AN24) -> 5497.13
A28: 1 | B28: Soeung Typo | C28: Business and Capacity Development Manager | D28: =SUM(F28+G28+H28+I28+AC28+E28-AD28-AF28) -> 5728.0564 | E28: 3537.54 | F28: 250 | G28: 912 | H28: 12.5 | I28: 1216 | J28: =I28*I$5 -> 14592 | K28: =J28*10% -> 1459.2 | L28: =J28/12 -> 1216 | M28: 232 | N28: 150 | O28: 250 | P28: 3537.54 | Q28: =SUM(K28:O28) -> 3307.2 | R28: =J28+Q28 -> 17899.2 | S28: =R28*R$5 -> 71596800 | U28: =SUM(F28+G28+H28+I28) -> 2390.5 | V28: =(I28+F28+G28)*$B$3 -> 9559560 | W28: 1 | X28: 1 | Y28: =W28+X28 -> 2 | Z28: =(W28+X28)*150000 -> 300000 | AA28: =V28-Z28 -> 9259560 | AB28: =IF(AA28<=1200000,"0%",IF(AA28<=2000000,"5%",IF(AA28<=8500000,"10%",IF(AA28<=12500000,"15%",IF(AA28>12500000,"20%"))))) -> 15% | AE28: =IF(IF(AA28<=120000,0,IF(AA28<=2000000,(AA28*5%-60000),IF(AA28<=8500000,(AA28*10%-160000),IF(AA28<=12500000,(AA28*15%-585000),IF(AA28>12500000,((AA28*20%-1210000)))))))<0,0,IF(AA28<=120000,0,IF(AA28<=2000000,(AA28*5%-60000),IF(AA28<=8500000,(AA28*10%-160000),IF(AA28<=12500000,(AA28*15%-585000),IF(AA28>12500000,((AA28*20%-1210000)))))))) -> 803934 | AF28: =AE28/$B$3 -> 199.98358 | AM28: 74.916953 | AN28: =U28-AM28 -> 2315.583
A29: 2 | B29: Sok Sovann | C29: Monitoring &Coaching Specialist | D29: =SUM(F29+G29+H29+I29+AC29+E29-AD29-AF29) -> 6889.9164 | E29: 4786.44 | F29: 250 | G29: 862.5 | H29: 12.5 | I29: 1150 | J29: =I29*I$5 -> 13800 | K29: =J29*10% -> 1380 | L29: =J29/12 -> 1150 | M29: 232 | N29: 150 | O29: 250 | P29: 4786.44 | Q29: =SUM(K29:O29) -> 3162 | R29: =J29+Q29 -> 16962 | S29: =R29*R$5 -> 67848000 | U29: =SUM(F29+G29+H29+I29) -> 2275 | V29: =(I29+F29+G29)*$B$3 -> 9095250 | W29: 3 | X29: 1 | Y29: =W29+X29 -> 4 | Z29: =(W29+X29)*150000 -> 600000 | AA29: =V29-Z29 -> 8495250 | AB29: =IF(AA29<=1200000,"0%",IF(AA29<=2000000,"5%",IF(AA29<=8500000,"10%",IF(AA29<=12500000,"15%",IF(AA29>12500000,"20%"))))) -> 10% | AE29: =IF(IF(AA29<=120000,0,IF(AA29<=2000000,(AA29*5%-60000),IF(AA29<=8500000,(AA29*10%-160000),IF(AA29<=12500000,(AA29*15%-585000),IF(AA29>12500000,((AA29*20%-1210000)))))))<0,0,IF(AA29<=120000,0,IF(AA29<=2000000,(AA29*5%-60000),IF(AA29<=8500000,(AA29*10%-160000),IF(AA29<=12500000,(AA29*15%-585000),IF(AA29>12500000,((AA29*20%-1210000)))))))) -> 689525 | AF29: =AE29/$B$3 -> 171.52363 | AM29: 60.945946 | AN29: =U29-AM29 -> 2214.0541
A30: 3 | B30: Sreng Sophorn Lakhena | C30: CD Assistant | D30: =SUM(F30+G30+H30+I30+AC30+E30-AD30-AF30) -> 757.26368 | F30: 250 | G30: 225 | H30: 12.5 | I30: 300 | J30: =I30*I$5 -> 3600 | K30: =J30*10% -> 360 | L30: =J30/12 -> 300 | M30: 232 | N30: 150 | O30: 250 | Q30: =SUM(K30:O30) -> 1292 | R30: =J30+Q30 -> 4892 | S30: =R30*R$5 -> 19568000 | U30: =SUM(F30+G30+H30+I30) -> 787.5 | V30: =(I30+F30+G30)*$B$3 -> 3115500 | W30: 1 | X30: 1 | Y30: =W30+X30 -> 2 | Z30: =(W30+X30)*150000 -> 300000 | AA30: =V30-Z30 -> 2815500 | AB30: =IF(AA30<=1200000,"0%",IF(AA30<=2000000,"5%",IF(AA30<=8500000,"10%",IF(AA30<=12500000,"15%",IF(AA30>12500000,"20%"))))) -> 10% | AE30: =IF(IF(AA30<=120000,0,IF(AA30<=2000000,(AA30*5%-60000),IF(AA30<=8500000,(AA30*10%-160000),IF(AA30<=12500000,(AA30*15%-585000),IF(AA30>12500000,((AA30*20%-1210000)))))))<0,0,IF(AA30<=120000,0,IF(AA30<=2000000,(AA30*5%-60000),IF(AA30<=8500000,(AA30*10%-160000),IF(AA30<=12500000,(AA30*15%-585000),IF(AA30>12500000,((AA30*20%-1210000)))))))) -> 121550 | AF30: =AE30/$B$3 -> 30.236318 | AM30: 0 | AN30: =U30-AM30 -> 787.5
A31: 4 | B31: Vang Sean | C31: M&E and reporting specialist | D31: =SUM(F31+G31+H31+I31+AC31+E31-AD31-AF31) -> 1732.2637 | F31: 208.33333 | G31: 750 | H31: 12.5 | I31: 900 | J31: =I31*I$5 -> 10800 | K31: =J31*10% -> 1080 | L31: =J31/12 -> 900 | M31: 232 | N31: 150 | O31: 250 | Q31: =SUM(K31:O31) -> 2612 | R31: =J31+Q31 -> 13412 | S31: =R31*R$5 -> 53648000 | U31: =SUM(F31+G31+H31+I31) -> 1870.8333 | V31: =(I31+F31+G31)*$B$3 -> 7470500 | W31: 1 | X31: 1 | Y31: =W31+X31 -> 2 | Z31: =(W31+X31)*150000 -> 300000 | AA31: =V31-Z31 -> 7170500 | AB31: =IF(AA31<=1200000,"0%",IF(AA31<=2000000,"5%",IF(AA31<=8500000,"10%",IF(AA31<=12500000,"15%",IF(AA31>12500000,"20%"))))) -> 10% | AE31: =IF(IF(AA31<=120000,0,IF(AA31<=2000000,(AA31*5%-60000),IF(AA31<=8500000,(AA31*10%-160000),IF(AA31<=12500000,(AA31*15%-585000),IF(AA31>12500000,((AA31*20%-1210000)))))))<0,0,IF(AA31<=120000,0,IF(AA31<=2000000,(AA31*5%-60000),IF(AA31<=8500000,(AA31*10%-160000),IF(AA31<=12500000,(AA31*15%-585000),IF(AA31>12500000,((AA31*20%-1210000)))))))) -> 557050 | AF31: =AE31/$B$3 -> 138.56965 | AM31: 43.316953 | AN31: =U31-AM31 -> 1827.5164
B32: Sub-Total | D32: =ROUND(SUM(D28:D31),2) -> 15107.5 | E32: =ROUND(SUM(E28:E31),2) -> 8323.98 | F32: =ROUND(SUM(F28:F31),2) -> 958.33 | G32: =ROUND(SUM(G28:G31),2) -> 2749.5 | H32: =SUM(H28:H31) -> 50 | I32: =SUM(I28:I31) -> 3566 | J32: =SUM(J28:J31) -> 42792 | K32: =SUM(K28:K31) -> 4279.2 | L32: =SUM(L28:L31) -> 3566 | M32: =SUM(M28:M31) -> 928 | N32: =SUM(N28:N31) -> 600 | O32: =SUM(O28:O31) -> 1000 | ... S32: =SUM(S28:S31) -> 212660800 | U32: =SUM(U28:U31) -> 7323.8333 | V32: =ROUND(SUM(V28:V31),2) -> 29240810 | W32: =ROUND(SUM(W28:W31),2) -> 6 | X32: =ROUND(SUM(X28:X31),2) -> 4 | Y32: =ROUND(SUM(Y28:Y31),2) -> 10 | Z32: =ROUND(SUM(Z28:Z31),2) -> 1500000 | AA32: =ROUND(SUM(AA28:AA31),2) -> 27740810 | AB32: =ROUND(SUM(AB28:AB31),2) -> 0 | AC32: =ROUND(SUM(AC28:AC31),2) -> 0 | ... AF32: =ROUND(SUM(AF28:AF31),2) -> 540.31 | AJ32: =SUM(AJ9:AJ21) -> 28.81 | AM32: =SUM(AM28:AM31) -> 179.17985 | AN32: =U32-AM32 -> 7144.6535 | AO32: =SUM(AN28:AN31) -> 7144.6535
A33: 1 | B33: Yoeurng Sotheara | C33: CAN Manager | D33: =SUM(F33+G33+H33+I33+AC33+E33-AD33-AF33)+0.01 -> 1933.3712 | F33: 220.625 | G33: 791.15 | H33: 12.5 | I33: 1070 | J33: =I33*I$5 -> 12840 | K33: =J33*10% -> 1284 | L33: =J33/12 -> 1070 | M33: 232 | N33: 150 | O33: 250 | Q33: =SUM(K33:O33) -> 2986 | R33: =J33+Q33 -> 15826 | S33: =R33*R$5 -> 63304000 | U33: =SUM(F33+G33+H33+I33) -> 2094.275 | V33: =(I33+F33+G33)*$B$3 -> 8368735.5 | W33: 1 | X33: 1 | Y33: =W33+X33 -> 2 | Z33: =(W33+X33)*150000 -> 300000 | AA33: =V33-Z33 -> 8068735.5 | AB33: =IF(AA33<=1200000,"0%",IF(AA33<=2000000,"5%",IF(AA33<=8500000,"10%",IF(AA33<=12500000,"15%",IF(AA33>12500000,"20%"))))) -> 10% | AE33: =IF(IF(AA33<=120000,0,IF(AA33<=2000000,(AA33*5%-60000),IF(AA33<=8500000,(AA33*10%-160000),IF(AA33<=12500000,(AA33*15%-585000),IF(AA33>12500000,((AA33*20%-1210000)))))))<0,0,IF(AA33<=120000,0,IF(AA33<=2000000,(AA33*5%-60000),IF(AA33<=8500000,(AA33*10%-160000),IF(AA33<=12500000,(AA33*15%-585000),IF(AA33>12500000,((AA33*20%-1210000)))))))) -> 646873.55 | AF33: =AE33/$B$3 -> 160.91382 | AM33: 38.76 | AN33: =U33-AM33 -> 2055.515
A34: 2 | B34: Ry Sovanna | C34: Research and Policy Specialist | D34: =SUM(F34+G34+H34+I34+AC34+E34-AD34-AF34) -> 1320.401 | F34: 125 | G34: 428 | H34: 12.5 | I34: 856 | J34: =I34*I$5 -> 10272 | K34: =J34*10% -> 1027.2 | L34: =J34/12 -> 856 | M34: 232 | N34: 150 | O34: 250 | Q34: =SUM(K34:O34) -> 2515.2 | R34: =J34+Q34 -> 12787.2 | S34: =R34*R$5 -> 51148800 | U34: =SUM(F34+G34+H34+I34) -> 1421.5 | V34: =(I34+F34+G34)*$B$3 -> 5664180 | W34: 0 | X34: 0 | Y34: =W34+X34 -> 0 | Z34: =(W34+X34)*150000 -> 0 | AA34: =V34-Z34 -> 5664180 | AB34: =IF(AA34<=1200000,"0%",IF(AA34<=2000000,"5%",IF(AA34<=8500000,"10%",IF(AA34<=12500000,"15%",IF(AA34>12500000,"20%"))))) -> 10% | AE34: =IF(IF(AA34<=120000,0,IF(AA34<=2000000,(AA34*5%-60000),IF(AA34<=8500000,(AA34*10%-160000),IF(AA34<=12500000,(AA34*15%-585000),IF(AA34>12500000,((AA34*20%-1210000)))))))<0,0,IF(AA34<=120000,0,IF(AA34<=2000000,(AA34*5%-60000),IF(AA34<=8500000,(AA34*10%-160000),IF(AA34<=12500000,(AA34*15%-585000),IF(AA34>12500000,((AA34*20%-1210000)))))))) -> 406418 | AF34: =AE34/$B$3 -> 101.099
B35: Sub-Total | D35: =ROUND(SUM(D33:D34),2) -> 3253.77 | E35: =ROUND(SUM(E33:E34),2) -> 0 | F35: =ROUND(SUM(F33:F34),2) -> 345.63 | G35: =ROUND(SUM(G33:G34),2) -> 1219.15 | H35: =SUM(H33:H34) -> 25 | I35: =SUM(I33:I34) -> 1926 | J35: =SUM(J33:J34) -> 23112 | K35: =SUM(K33:K34) -> 2311.2 | L35: =SUM(L33:L34) -> 1926 | M35: =SUM(M33:M34) -> 464 | N35: =SUM(N33:N34) -> 300 | O35: =SUM(O33:O34) -> 500 | ... S35: =SUM(S33:S34) -> 114452800 | U35: =SUM(U33:U34) -> 3515.775 | V35: =ROUND(SUM(V33:V34),2) -> 14032916 | W35: =ROUND(SUM(W33:W34),2) -> 1 | X35: =ROUND(SUM(X33:X34),2) -> 1 | Y35: =ROUND(SUM(Y33:Y34),2) -> 2 | Z35: =ROUND(SUM(Z33:Z34),2) -> 300000 | AA35: =ROUND(SUM(AA33:AA34),2) -> 13732916 | AB35: =ROUND(SUM(AB33:AB34),2) -> 0 | AC35: =ROUND(SUM(AC33:AC34),2) -> 0 | ... AL35: =ROUND(SUM(AL33:AL34),2) -> 0 | AM35: =SUM(AM33:AM34) -> 38.76 | AN35: =U35-AM35 -> 3477.015 | AO35: =SUM(AN33:AN34) -> 2055.515
A36: 1 | B36: Nong Neat Norak | C36: Resource Mobilization Manager | D36: =SUM(F36+G36+H36+I36+AC36+E36-AD36-AF36) -> 1725.4764 | F36: 125 | G36: 572.5 | H36: 12.5 | I36: 1145 | J36: =I36*I$5 -> 13740 | K36: =J36*10% -> 1374 | L36: =J36/12 -> 1145 | M36: 232 | N36: 150 | O36: 250 | Q36: =SUM(K36:O36) -> 3151 | R36: =J36+Q36 -> 16891 | S36: =R36*R$5 -> 67564000 | U36: =SUM(F36+G36+H36+I36) -> 1855 | V36: =(I36+F36+G36)*$B$3 -> 7406850 | W36: 3 | X36: 1 | Y36: =W36+X36 -> 4 | Z36: =(W36+X36)*150000 -> 600000 | AA36: =V36-Z36 -> 6806850 | AB36: =IF(AA36<=1200000,"0%",IF(AA36<=2000000,"5%",IF(AA36<=8500000,"10%",IF(AA36<=12500000,"15%",IF(AA36>12500000,"20%"))))) -> 10% | AE36: =IF(IF(AA36<=120000,0,IF(AA36<=2000000,(AA36*5%-60000),IF(AA36<=8500000,(AA36*10%-160000),IF(AA36<=12500000,(AA36*15%-585000),IF(AA36>12500000,((AA36*20%-1210000)))))))<0,0,IF(AA36<=120000,0,IF(AA36<=2000000,(AA36*5%-60000),IF(AA36<=8500000,(AA36*10%-160000),IF(AA36<=12500000,(AA36*15%-585000),IF(AA36>12500000,((AA36*20%-1210000)))))))) -> 520685 | AF36: =AE36/$B$3 -> 129.52363
B37: Sub-Total | D37: =ROUND(SUM(D36:D36),2) -> 1725.48 | E37: =ROUND(SUM(E36:E36),2) -> 0 | F37: =ROUND(SUM(F36:F36),2) -> 125 | G37: =ROUND(SUM(G36:G36),2) -> 572.5 | H37: =ROUND(SUM(H36:H36),2) -> 12.5 | I37: =ROUND(SUM(I36:I36),2) -> 1145 | J37: =ROUND(SUM(J36:J36),2) -> 13740 | K37: =ROUND(SUM(K36:K36),2) -> 1374 | ... S37: =ROUND(SUM(S36:S36),2) -> 67564000 | U37: =ROUND(SUM(U36:U36),2) -> 1855 | V37: =ROUND(SUM(V36:V36),2) -> 7406850 | W37: =ROUND(SUM(W36:W36),2) -> 3 | X37: =ROUND(SUM(X36:X36),2) -> 1 | Y37: =ROUND(SUM(Y36:Y36),2) -> 4 | Z37: =ROUND(SUM(Z36:Z36),2) -> 600000 | AA37: =ROUND(SUM(AA36:AA36),2) -> 6806850 | AB37: =ROUND(SUM(AB36:AB36),2) -> 0 | ... AF37: =ROUND(SUM(AF36:AF36),2) -> 129.52
A38: 1 | B38: Sin Putheary | C38: Head of Coms and Member Development | D38: =SUM(F38+G38+H38+I38+AC38+E38-AD38-AF38) -> 6205.8459 | E38: 3725.62 | F38: 250 | G38: 1055.25 | H38: 12.5 | I38: 1407 | J38: =I38*I$5 -> 16884 | K38: =J38*10% -> 1688.4 | L38: =J38/12 -> 1407 | M38: 232 | N38: 150 | O38: 250 | P38: 3725.62 | Q38: =SUM(K38:O38) -> 3727.4 | R38: =J38+Q38 -> 20611.4 | S38: =R38*R$5 -> 82445600 | U38: =SUM(F38+G38+H38+I38) -> 2724.75 | V38: =(I38+F38+G38)*$B$3 -> 10903245 | W38: 2 | X38: 1 | Y38: =W38+X38 -> 3 | Z38: =(W38+X38)*150000 -> 450000 | AA38: =V38-Z38 -> 10453245 | AB38: =IF(AA38<=1200000,"0%",IF(AA38<=2000000,"5%",IF(AA38<=8500000,"10%",IF(AA38<=12500000,"15%",IF(AA38>12500000,"20%"))))) -> 15% | AE38: =IF(IF(AA38<=120000,0,IF(AA38<=2000000,(AA38*5%-60000),IF(AA38<=8500000,(AA38*10%-160000),IF(AA38<=12500000,(AA38*15%-585000),IF(AA38>12500000,((AA38*20%-1210000)))))))<0,0,IF(AA38<=120000,0,IF(AA38<=2000000,(AA38*5%-60000),IF(AA38<=8500000,(AA38*10%-160000),IF(AA38<=12500000,(AA38*15%-585000),IF(AA38>12500000,((AA38*20%-1210000)))))))) -> 982986.75 | AF38: =AE38/$B$3 -> 244.52407 | AM38: 90.16 | AN38: =U38-AM38 -> 2634.59
A39: 2 | B39: Chen Sochoeun | C39: Memberdevelopment Manager | D39: =SUM(F39+G39+H39+I39+AC39+E39-AD39-AF39) -> 7865.9259 | E39: 5707 | F39: 250 | G39: 893.25 | H39: 12.5 | I39: 1191 | J39: =I39*I$5 -> 14292 | K39: =J39*10% -> 1429.2 | L39: =J39/12 -> 1191 | M39: 232 | N39: 150 | O39: 250 | P39: 5707 | Q39: =SUM(K39:O39) -> 3252.2 | R39: =J39+Q39 -> 17544.2 | S39: =R39*R$5 -> 70176800 | U39: =SUM(F39+G39+H39+I39) -> 2346.75 | V39: =(I39+F39+G39)*$B$3 -> 9383685 | W39: 2 | X39: 1 | Y39: =W39+X39 -> 3 | Z39: =(W39+X39)*150000 -> 450000 | AA39: =V39-Z39 -> 8933685 | AB39: =IF(AA39<=1200000,"0%",IF(AA39<=2000000,"5%",IF(AA39<=8500000,"10%",IF(AA39<=12500000,"15%",IF(AA39>12500000,"20%"))))) -> 15% | AE39: =IF(IF(AA39<=120000,0,IF(AA39<=2000000,(AA39*5%-60000),IF(AA39<=8500000,(AA39*10%-160000),IF(AA39<=12500000,(AA39*15%-585000),IF(AA39>12500000,((AA39*20%-1210000)))))))<0,0,IF(AA39<=120000,0,IF(AA39<=2000000,(AA39*5%-60000),IF(AA39<=8500000,(AA39*10%-160000),IF(AA39<=12500000,(AA39*15%-585000),IF(AA39>12500000,((AA39*20%-1210000)))))))) -> 755052.75 | AF39: =AE39/$B$3 -> 187.82407 | AM39: 68.56 | AN39: =U39-AM39 -> 2278.19
A40: 3 | B40: Luy Theary | C40: Do No Harm Project Coordinator | D40: =SUM(F40+G40+H40+I40+AC40+E40-AD40-AF40) -> 1863.495 | F40: 250 | G40: 750 | H40: 12.5 | I40: 1000 | J40: =I40*I$5 -> 12000 | K40: =J40*10% -> 1200 | L40: =J40/12 -> 1000 | M40: 232 | N40: 150 | O40: 250 | Q40: =SUM(K40:O40) -> 2832 | R40: =J40+Q40 -> 14832 | S40: =R40*R$5 -> 59328000 | U40: =SUM(F40+G40+H40+I40) -> 2012.5 | V40: =(I40+F40+G40)*$B$3 -> 8040000 | W40: 2 | X40: 1 | Y40: =W40+X40 -> 3 | Z40: =(W40+X40)*150000 -> 450000 | AA40: =V40-Z40 -> 7590000 | AB40: =IF(AA40<=1200000,"0%",IF(AA40<=2000000,"5%",IF(AA40<=8500000,"10%",IF(AA40<=12500000,"15%",IF(AA40>12500000,"20%"))))) -> 10% | AE40: =IF(IF(AA40<=120000,0,IF(AA40<=2000000,(AA40*5%-60000),IF(AA40<=8500000,(AA40*10%-160000),IF(AA40<=12500000,(AA40*15%-585000),IF(AA40>12500000,((AA40*20%-1210000)))))))<0,0,IF(AA40<=120000,0,IF(AA40<=2000000,(AA40*5%-60000),IF(AA40<=8500000,(AA40*10%-160000),IF(AA40<=12500000,(AA40*15%-585000),IF(AA40>12500000,((AA40*20%-1210000)))))))) -> 599000 | AF40: =AE40/$B$3 -> 149.00498 | AM40: 49.46 | AN40: =U40-AM40 -> 1963.04
A41: 4 | B41: Chhouk Phal Puthiridh | C41: Communications Specialist | D41: =SUM(F41+G41+H41+I41+AC41+E41-AD41-AF41) -> 1352.12 | F41: 153.33333 | G41: 490.91 | H41: 12.5 | I41: 800 | J41: =I41*I$5 -> 9600 | K41: =J41*10% -> 960 | L41: =J41/12 -> 800 | M41: 232 | N41: 150 | O41: 250 | Q41: =SUM(K41:O41) -> 2392 | R41: =J41+Q41 -> 11992 | S41: =R41*R$5 -> 47968000 | U41: =SUM(F41+G41+H41+I41) -> 1456.7433 | V41: =(I41+F41+G41)*$B$3 -> 5805858.2 | W41: 0 | X41: 0 | Y41: =W41+X41 -> 0 | Z41: =(W41+X41)*150000 -> 0 | AA41: =V41-Z41 -> 5805858.2 | AB41: =IF(AA41<=1200000,"0%",IF(AA41<=2000000,"5%",IF(AA41<=8500000,"10%",IF(AA41<=12500000,"15%",IF(AA41>12500000,"20%"))))) -> 10% | AE41: =IF(IF(AA41<=120000,0,IF(AA41<=2000000,(AA41*5%-60000),IF(AA41<=8500000,(AA41*10%-160000),IF(AA41<=12500000,(AA41*15%-585000),IF(AA41>12500000,((AA41*20%-1210000)))))))<0,0,IF(AA41<=120000,0,IF(AA41<=2000000,(AA41*5%-60000),IF(AA41<=8500000,(AA41*10%-160000),IF(AA41<=12500000,(AA41*15%-585000),IF(AA41>12500000,((AA41*20%-1210000)))))))) -> 420585.82 | AF41: =AE41/$B$3 -> 104.62334
A42: 5 | B42: Chan Bunthoeun | C42: IT Officer | D42: =SUM(F42+G42+H42+I42+AC42+E42-AD42-AF42) -> 1179.225 | F42: 163.75 | G42: 425.95 | H42: 12.5 | I42: 650 | J42: =I42*I$5 -> 7800 | K42: =J42*10% -> 780 | L42: =J42/12 -> 650 | M42: 232 | N42: 150 | O42: 250 | Q42: =SUM(K42:O42) -> 2062 | R42: =J42+Q42 -> 9862 | S42: =R42*R$5 -> 39448000 | U42: =SUM(F42+G42+H42+I42) -> 1252.2 | V42: =(I42+F42+G42)*$B$3 -> 4983594 | W42: 2 | X42: 1 | Y42: =W42+X42 -> 3 | Z42: =(W42+X42)*150000 -> 450000 | AA42: =V42-Z42 -> 4533594 | AB42: =IF(AA42<=1200000,"0%",IF(AA42<=2000000,"5%",IF(AA42<=8500000,"10%",IF(AA42<=12500000,"15%",IF(AA42>12500000,"20%"))))) -> 10% | AE42: =IF(IF(AA42<=120000,0,IF(AA42<=2000000,(AA42*5%-60000),IF(AA42<=8500000,(AA42*10%-160000),IF(AA42<=12500000,(AA42*15%-585000),IF(AA42>12500000,((AA42*20%-1210000)))))))<0,0,IF(AA42<=120000,0,IF(AA42<=2000000,(AA42*5%-60000),IF(AA42<=8500000,(AA42*10%-160000),IF(AA42<=12500000,(AA42*15%-585000),IF(AA42>12500000,((AA42*20%-1210000)))))))) -> 293359.4 | AF42: =AE42/$B$3 -> 72.974975 | AM42: 9.58 | AN42: =U42-AM42 -> 1242.62
A43: 6 | B43: Chan Somaly | C43: Membership and networking Specialist | D43: =SUM(F43+G43+H43+I43+AC43+E43-AD43-AF43)+0.01 -> 1195.1239 | F43: 186.45833 | G43: 638.75 | H43: 12.5 | I43: =856/2 -> 428 | J43: =I43*I$5 -> 5136 | K43: =J43*10% -> 513.6 | L43: =J43/12 -> 428 | M43: 232 | N43: 150 | O43: 250 | Q43: =SUM(K43:O43) -> 1573.6 | R43: =J43+Q43 -> 6709.6 | S43: =R43*R$5 -> 26838400 | U43: =SUM(F43+G43+H43+I43) -> 1265.7083 | V43: =(I43+F43+G43)*$B$3 -> 5037897.5 | W43: 3 | X43: 1 | Y43: =W43+X43 -> 4 | Z43: =(W43+X43)*150000 -> 600000 | AA43: =V43-Z43 -> 4437897.5 | AB43: =IF(AA43<=1200000,"0%",IF(AA43<=2000000,"5%",IF(AA43<=8500000,"10%",IF(AA43<=12500000,"15%",IF(AA43>12500000,"20%"))))) -> 10% | AE43: =IF(IF(AA43<=120000,0,IF(AA43<=2000000,(AA43*5%-60000),IF(AA43<=8500000,(AA43*10%-160000),IF(AA43<=12500000,(AA43*15%-585000),IF(AA43>12500000,((AA43*20%-1210000)))))))<0,0,IF(AA43<=120000,0,IF(AA43<=2000000,(AA43*5%-60000),IF(AA43<=8500000,(AA43*10%-160000),IF(AA43<=12500000,(AA43*15%-585000),IF(AA43>12500000,((AA43*20%-1210000)))))))) -> 283789.75 | AF43: =AE43/$B$3 -> 70.594465 | AM43: 35.06 | AN43: =U43-AM43 -> 1230.6483
A44: 7 | B44: Ouk Sovansathya | C44: Database and knowledge Management Specialist | D44: =SUM(F44+G44+H44+I44+AC44+E44-AD44-AF44) -> 1007.327 | F44: 35 | G44: 126.14 | H44: 12.5 | I44: 900 | J44: =I44*I$5 -> 10800 | K44: =J44*10% -> 1080 | L44: =J44/12 -> 900 | M44: 232 | N44: 150 | O44: 250 | Q44: =SUM(K44:O44) -> 2612 | R44: =J44+Q44 -> 13412 | S44: =R44*R$5 -> 53648000 | U44: =SUM(F44+G44+H44+I44) -> 1073.64 | V44: =(I44+F44+G44)*$B$3 -> 4265782.8 | W44: 0 | X44: 0 | Y44: =W44+X44 -> 0 | Z44: =(W44+X44)*150000 -> 0 | AA44: =V44-Z44 -> 4265782.8 | AB44: =IF(AA44<=1200000,"0%",IF(AA44<=2000000,"5%",IF(AA44<=8500000,"10%",IF(AA44<=12500000,"15%",IF(AA44>12500000,"20%"))))) -> 10% | AE44: =IF(IF(AA44<=120000,0,IF(AA44<=2000000,(AA44*5%-60000),IF(AA44<=8500000,(AA44*10%-160000),IF(AA44<=12500000,(AA44*15%-585000),IF(AA44>12500000,((AA44*20%-1210000)))))))<0,0,IF(AA44<=120000,0,IF(AA44<=2000000,(AA44*5%-60000),IF(AA44<=8500000,(AA44*10%-160000),IF(AA44<=12500000,(AA44*15%-585000),IF(AA44>12500000,((AA44*20%-1210000)))))))) -> 266578.28 | AF44: =AE44/$B$3 -> 66.313005
A45: 8 | B45: Ye Sokvutheavy | C45: CMD Assistant | D45: =SUM(F45+G45+H45+I45+AC45+E45-AD45-AF45) -> 810.2585 | F45: 220.625 | G45: 239.77 | H45: 12.5 | I45: =300+81.78 -> 381.78 | J45: =I45*I$5 -> 4581.36 | K45: =J45*10% -> 458.136 | L45: =J45/12 -> 381.78 | M45: 232 | N45: 150 | O45: 250 | Q45: =SUM(K45:O45) -> 1471.916 | R45: =J45+Q45 -> 6053.276 | S45: =R45*R$5 -> 24213104 | U45: =SUM(F45+G45+H45+I45) -> 854.675 | V45: =(I45+F45+G45)*$B$3 -> 3385543.5 | W45: 0 | X45: 0 | Y45: =W45+X45 -> 0 | Z45: =(W45+X45)*150000 -> 0 | AA45: =V45-Z45 -> 3385543.5 | AB45: =IF(AA45<=1200000,"0%",IF(AA45<=2000000,"5%",IF(AA45<=8500000,"10%",IF(AA45<=12500000,"15%",IF(AA45>12500000,"20%"))))) -> 10% | AE45: =IF(IF(AA45<=120000,0,IF(AA45<=2000000,(AA45*5%-60000),IF(AA45<=8500000,(AA45*10%-160000),IF(AA45<=12500000,(AA45*15%-585000),IF(AA45>12500000,((AA45*20%-1210000)))))))<0,0,IF(AA45<=120000,0,IF(AA45<=2000000,(AA45*5%-60000),IF(AA45<=8500000,(AA45*10%-160000),IF(AA45<=12500000,(AA45*15%-585000),IF(AA45>12500000,((AA45*20%-1210000)))))))) -> 178554.35 | AF45: =AE45/$B$3 -> 44.416505 | AM45: 0.21 | AN45: =U45-AM45 -> 854.465
B46: Sub-Total | D46: =ROUND(SUM(D38:D45),2)+0.02 -> 21479.34 | E46: =ROUND(SUM(E38:E45),2) -> 9432.62 | F46: =ROUND(SUM(F38:F45),2) -> 1509.17 | G46: =ROUND(SUM(G38:G45),2) -> 4620.02 | H46: =SUM(H38:H45) -> 100 | I46: =SUM(I38:I45) -> 6757.78 | J46: =SUM(J38:J45) -> 81093.36 | K46: =SUM(K38:K45) -> 8109.336 | L46: =SUM(L38:L45) -> 6757.78 | M46: =SUM(M38:M45) -> 1856 | N46: =SUM(N38:N45) -> 1200 | O46: =SUM(O38:O45) -> 2000 | ... S46: =SUM(S38:S45) -> 404065904 | U46: =SUM(U38:U45) -> 12986.967 | V46: =ROUND(SUM(V38:V45),2) -> 51805606 | W46: =SUM(W38:W45) -> 11 | X46: =SUM(X38:X45) -> 5 | Y46: =SUM(Y38:Y45) -> 16 | Z46: =SUM(Z38:Z45) -> 2400000 | AA46: =SUM(AA38:AA45) -> 49405606 | AB46: =SUM(AB38:AB45) -> 0 | AC46: =SUM(AC38:AC45) -> 0 | AD46: =SUM(AD38:AD45) -> 0 | AE46: =SUM(AE38:AE45)+2 -> 3779909.1 | AF46: =SUM(AF38:AF45)-0.03 -> 940.2454 | AJ46: =SUM(#REF!) -> #REF! | AK46: =SUM(#REF!) -> #REF! | AM46: =SUM(AM38:AM45) -> 253.03 | AN46: =U46-AM46 -> 12733.937 | AO46: =SUM(AN38:AN45) -> 10203.553
B47: Grand-Total | D47: =D21+D27+D32+D35+D37+D46 -> 116885.76 | E47: =E21+E27+E32+E35+E37+E46 -> 64016.57 | F47: =F21+F27+F32+F35+F37+F46 -> 6871.88 | G47: =G21+G27+G32+G35+G37+G46 -> 20813.08 | H47: =H21+H27+H32+H35+H37+H46 -> 400 | I47: =I21+I27+I32+I35+I37+I46 -> 29618.78 | J47: =J21+J27+J32+J35+J37+J46 -> 355425.36 | K47: =K21+K27+K32+K35+K37+K46 -> 35542.536 | ... S47: =S21+S27+S32+S35+S37+S46 -> 1763242704 | U47: =U21+U27+U32+U35+U37+U46 -> 57703.735 | V47: =V21+V27+V32+V35+V37+V46 -> 230361008 | W47: =W21+W27+W32+W35+W37+W46 -> 40 | X47: =X21+X27+X32+X35+X37+X46 -> 24 | Y47: =Y21+Y27+Y32+Y35+Y37+Y46 -> 64 | Z47: =Z21+Z27+Z32+Z35+Z37+Z46 -> 9600000 | AA47: =AA21+AA27+AA32+AA35+AA37+AA46 -> 220761008 | AB47: =AB21+AB27+AB32+AB35+AB37+AB46 -> 0 | ... AF47: =AF21+AF27+AF32+AF35+AF37+AF46 -> 4734.5492 | AG47: =(AG21+#REF!+AG32+AG46+AG27+AG35)-0.01 -> #REF! | AH47: =(AH21+#REF!+AH32+AH46+AH27+AH35)-0.01 -> #REF! | AI47: =(AI21+#REF!+AI32+AI46+AI27+AI35)-0.01 -> #REF! | AJ47: =(AJ21+#REF!+AJ32+AJ46+AJ27+AJ35)-0.01 -> #REF! | AK47: =(AK21+#REF!+AK32+AK46+AK27+AK35)-0.01 -> #VALUE! | AL47: =(AL21+#REF!+AL32+AL46+AL27+AL35)-0.01 -> #REF! | AM47: =AM46+AM35+AM32+AM27+AM21 -> 1401.9497 | AN47: =U47-AM47 -> 56301.785 | AO47: =SUM(AO9:AO46) -> 48821.242
A49: 1. Ms. Chan Somaly = Basic salary $428.00($ 856*50%) She get monthly salary only 50% because she worked for CCC not yet 1 year (Based on the CCC Posenel Policy
A50: 5.2.4 Female staff members who have worked for CCC for less than one year are entitled to 90 days maternity leave at half pay salary and full pay benefits in cash and in kind.
A51: 2.Ms. Ye Sokvutheary = Basic Salary $300.00+ Over Time $81.78
B53: Prepared by | C53: : ………………………… | D53: Reviewed by | G53: : ………………………… | V53: Verified by | W53: : ………………………… | AD53: Approved by | AE53: : ………………………….
B54: Name | C54: : Om Sitha | D54: Name | G54: : Om Nareth | V54: Name | W54: : Khorn Bunthong | AD54: Name | AE54: : Soeung Saroeun
B55: Position | C55: : Finance Officer | D55: Position | G55: : Finance Specialist | V55: Position | W55: : Head of Operations | AD55: Position | AE55: :Executive Director
